Workbook
Name Acero: #REF!
Name Acero: #REF!
Name Acero: #REF!
Name Acero: #REF!
Name Acero: #REF!
Name Agregados: #REF!
Name Agregados: #REF!
Name Agregados: #REF!
Name Agregados: #REF!
Name Agregados: #REF!
Name Apar.Sanitarios: #REF!
Name Apar.Sanitarios: #REF!
Name Apar.Sanitarios: #REF!
Name Apar.Sanitarios: #REF!
Name Apar.Sanitarios: #REF!
Name Carp.Aluminio: #REF!
Name Carp.Aluminio: #REF!
Name Carp.Aluminio: #REF!
Name Carp.Aluminio: #REF!
Name Carp.Aluminio: #REF!
Name Carp.Metalica: #REF!
Name Carp.Metalica: #REF!
Name Carp.Metalica: #REF!
Name Carp.Metalica: #REF!
Name Carp.Metalica: #REF!
Name Cerrajeria: #REF!
Name Cerrajeria: #REF!
Name Cerrajeria: #REF!
Name Cerrajeria: #REF!
Name Cerrajeria: #REF!
Name Ciudades: #REF!
Name Ciudades: #REF!
Name Ciudades: #REF!
Name Ciudades: #REF!
Name Ciudades: #REF!
Name Combustible: #REF!
Name Combustible: #REF!
Name Combustible: #REF!
Name Combustible: #REF!
Name Combustible: #REF!
Name Concretos: #REF!
Name Concretos: #REF!
Name Concretos: #REF!
Name Concretos: #REF!
Name Concretos: #REF!
Name Cuadrillas: #REF!
Name Cuadrillas: #REF!
Name Cuadrillas: #REF!
Name Cuadrillas: #REF!
Name Cuadrillas: #REF!
Name Cubierta: #REF!
Name Cubierta: #REF!
Name Cubierta: #REF!
Name Cubierta: #REF!
Name Cubierta: #REF!
Name Drywall: #REF!
Name Drywall: #REF!
Name Drywall: #REF!
Name Drywall: #REF!
Name Drywall: #REF!

Sheet PRESUPUESTO
C2: Código | D2: CCE-EICP-FM-14
C3: FORMULARIO 1
C4: PRESUPUESTO OFICIAL
C5: [Las Entidades Estatales deben usar el presente formulario para determinar el Presupuesto Oficial del Proceso de Contratación y solo pueden modificar o ajustar aquello que en este se permite expresamente] [El presente formulario aplica para los procesos de contratación que tengan como forma de pago precios unitarios. Tratándose de otras modalidades de precio, la Entidad debe ajustarlo cuando corresponde a: precio global, llave en mano, administración delegada, reembolso de gastos o cualquier otra forma de precio.]
C9: Adicionalmente, cuando el proceso de contratación es estructurado por precios unitarios, la Entidad debe aplicar las notas 1, 2 y 3 del presente formulario y las casillas de "Descripción", "Porcentaje" de la Administración, Imprevisto, Utilidad y total A.I.U. resaltadas en color amarillo. Tratándose de otras modalidades de precio, la Entidad puede o no configurar los mismos aspectos.
C13: CEDECO GALAN
D14: ITEM DE PAGO | E14: DESCRIPCION | F14: UND. | G14: CANTIDAD | H14: VALOR UNITARIO | I14: VALOR TOTAL
C15: 08B | E15: INSTALACIONES ELECTRICAS - REDES INTERNAS
D16: 08B.283 | E16: SUMINISTRO E INSTALACION SALIDA INTERRUPTOR SENCILLO | F16: UN | G16: 8 | H16: =[1]APU!$I$1157 -> 153659 | I16: =+ROUND((G16*H16),0) -> 1229272
C17: 009 | E17: REVOQUES Y RESANES
D18: 009.005 | E18: SUMINISTRO,TRANSPORTE E INSTALACION REVOQUE LISO MUROS 1:3 IMPERMEABILIZADO (INCLUYE FILOS Y DILATACIONES) PARA ALTURAS MENORES A 3 METROS | F18: M2 | G18: 120 | H18: 37836 | I18: =ROUND(H18*G18,0) -> 4540320
D19: 009.025 | E19: REPARACION MUROS (INCLUYE RESANE Y PINTURA) | F19: M2 | G19: 40 | H19: 4940 | I19: =ROUND(H19*G19,0) -> 197600
C20: 011 | E20: CIELO RASO
C21: 012 | E21: PISOS Y ACABADOS
D22: 012.001 | E22: SUMINISTRO, TRANSPORTE E INSTALACION ALISTADO PISOS Mortero 1:3 e= 0.03 mts | F22: M2 | G22: 200 | H22: 29797 | I22: =+ROUND((G22*H22),0) -> 5959400
D23: 012.007 | E23: SUMINISTRO, TRANSPORTE E INSTALACION CERAMICA PISO ANTIQUE TIPO ALFA O SIMILAR. COLOR BEIGE O BLANCO SEGÚN DISEÑO (INCLUYE BOQUILLA.). INCLUYE MORTERO DE PEGA Y/O NIVELACIÓN. | F23: M2 | G23: 200 | H23: 72763 | I23: =+ROUND((G23*H23),0) -> 14552600
D24: 012.031 | E24: SUMINISTRO, TRANSPORTE E INSTALACION GUARDAESCOBA CERAMICA TIPO ANTIQUE H = 10 CM. TIPO ALFA O SIMILAR. COLOR BEIGE O BLANCO SEGÚN DISEÑO (INCLUYE BOQUILLA.). INCLUYE MORTERO DE PEGA Y/O NIVELACIÓN | F24: ML | G24: =19.8+18.7+19.8+18.7+50 -> 127 | H24: 16058 | I24: =+ROUND((G24*H24),0) -> 2039366
C25: 019 | E25: PINTURA
D26: 019.001 | E26: SUMINISTRO, TRANSPORTE E INSTALACION ESTUCO Y VINILO 3 MANOS SOBRE MURO INTERIOR (INCLUYE ESTUCO, 1 MANO EN PINTURA TIPO 2 Y DOS MANOS EN PINTURA TIPO 1, FILOS Y DILATACIONES). COLOR SEGÚN DISEÑO POR M2 | F26: M2 | G26: 400 | H26: 31081 | I26: =+ROUND((G26*H26),0) -> 12432400
D27: 019.007 | E27: SUMINISTRO, TRANSPORTE E INSTALACION ESTUCO Y VINILO 3 MANOS BAJO PLACA INTERIOR (INCLUYE ESTUCO, 1 MANO EN PINTURA TIPO 2 Y DOS MANOS EN PINTURA TIPO 1, FILOS Y DILATACIONES). COLOR SEGÚN DISEÑO. | F27: M2 | G27: 70 | H27: 28074 | I27: =+ROUND((G27*H27),0) -> 1965180
C28: 028 | E28: CUBIERTA
D29: 028.007 | E29: DESMONTE CUBIERTA | F29: M2 | G29: 470 | H29: 17649 | I29: =+ROUND((G29*H29),0) -> 8295030 | K29: 150
C30: 029 | E30: DEMOLICIONES
D31: 029.003 | E31: DEMOLICION ENCHAPE DE PISOS (INCLUYE RETIRO) | F31: M2 | G31: 200 | H31: 12822 | I31: =+ROUND((G31*H31),0) -> 2564400
D32: 029.078 | E32: DEMOLICION DE MESONES ANCHO >0.60 M (INCLUYE RETIRO) | F32: ML | G32: 2 | H32: 48797 | I32: =+ROUND((G32*H32),0) -> 97594
C33: 032 | E33: ADICIONALES ALCALDIA DE MANIZALES
D34: 010.026 | E34: RECORRIDO DE CUBIERTA (Inc. Ganchos, amarras y sikaflex) | F34: M2 | G34: 220 | H34: 18149
D35: 032.026 | E35: LIMPIEZA Y NIVELACION DE CANALES INCLUYE SOLDADURAS Y APLIACACION DE WASH PREMIER | F35: ML | G35: 30 | H35: 15217 | I35: =ROUND(H35*G35,0) -> 456510
F36: M2 | G36: 480 | H36: 86547 | I36: =+ROUND((G36*H36),0) -> 41542560
D37: 032.043 | E37: SUMINISTRO, TRANSPORTE E INSTALACION CAMBIO DE ACCESORIOS EN APARATO SANITARIO INCLUYE SUMINISTRO E INSTALACIÓN DE FLUITMASTER | F37: UND. | G37: 5 | H37: 79751 | I37: =ROUND(H37*G37,0) -> 398755
D38: 032.048 | E38: REPARACIÓN DE PUNTO SANITARIO OBSTRUIDO INCLUYE SONDEO DE TUBERÍA, RETIRO REVISIÓN Y REINSTALACIÓN DE APARATO SANITARIO. | F38: UND | G38: 5 | H38: 98787 | I38: 32059
D39: 032.059 | E39: SUMINISTRO, TRANSPORTE E INSTALACION PINTURA ESMALTE PARA PUERTAS, REJAS, VENTANAS, PASAMANOS Y ZÓCALOS. Incluye filos y dilataciones | F39: M2 | G39: 30 | H39: 28412 | I39: =ROUND(H39*G39,0) -> 852360
D40: 032.165 | E40: SUMINISTRO, TRANSPORTE E INSTALACION DE LAMINAS DIFUSORAS DE LUZ DE 0.61 X 2.45 M CON ESTRUCTURA EN ALUMINIO NATURAL SUSPENDIDA A LA ESTRUCTURA INCLUYE ADECUACIÓN DE LÁMPARAS A LA MODULACIÓN DEL CIELO RASO | F40: M2 | G40: 6 | H40: 113473 | I40: =ROUND(H40*G40,0) -> 680838
E41: INSTALACIONES ELECTRICAS
E42: SUMINISTRO, TRANSPORTE E INSTALACION LUMINARIA PANEL LED 40W | F42: UN | G42: 13 | H42: 202131 | I42: =+ROUND((G42*H42),0) -> 2627703
E43: SUMINISTRO, TRANSPORTE E INSTALACIÓN SALIDA DE IILUMINACIÓN EN TUBERÍA PVC SCH40 1/2", CABLE 12 AWG HFFR LS | F43: UN | G43: 12 | H43: 170893 | I43: =+ROUND((G43*H43),0) -> 2050716
E44: SUMINISTRO E INSTALACION SALIDA PUNTO TOMACORRIENTE DOBLE TIPO NORMAL. INCLUYE 12 METROS DE ALAMBRE Y 4 METROS DE TUBO | F44: UN | G44: 20 | H44: 127939 | I44: =+ROUND((G44*H44),0) -> 2558780
E45: SUMINISTRO E INSTALACION DEL SISTEMA DE PUESTA A TIERRA | F45: UN | G45: 1 | H45: 2208261 | I45: =+ROUND((G45*H45),0) -> 2208261
E46: FALTA REVISIÓN ELÉCTRICA | F46: GL | G46: 1 | H46: 4000000 | I46: =+ROUND((G46*H46),0) -> 4000000
I47: =SUM(I15:I46) -> 111281704
G48: 149981979 | I48: =I47*1.37 -> 1.5245593e+08
C50: CISCO SAN JOSE
D51: ITEM DE PAGO | E51: DESCRIPCION | F51: UND. | G51: CANTIDAD | H51: VALOR UNITARIO | I51: VALOR TOTAL
C52: 003 | E52: DESAGUES E INSTALACIONES SANITARIAS
D53: 003.013 | E53: SUMINISTRO, TRANSPORTE E INSTALACION PUNTO DESAGUE PVC 2" Aparatos sanitarios y desagues (INCLUYE CODO, YEE Y ACCESORIOS) | F53: UND | G53: 1 | H53: 83038 | I53: =ROUND(H53*G53,0) -> 83038
C54: 007 | E54: INSTALACIONES HIDRAULICAS
D55: 007.110 | E55: SUMINISTRO, TRANSPORTE E INSTALACION PUNTO AGUA FRIA 1" PVC-P ( Incluye accesorios de instalación ) | F55: UND | G55: 2 | H55: 51729 | I55: =ROUND(H55*G55,0) -> 103458
C56: 08B | E56: INSTALACIONES ELECTRICAS - REDES INTERNAS
D57: 08B.280 | E57: SUMINISTRO E INSTALACION SALIDA PUNTO ELECTRICO LUMINARIA LED CON REJILLA 30X120 T8 2X 40W ESPECULAR DE INCRUSTAR 1.5" | F57: UND | G57: 1 | H57: 400647 | I57: =ROUND(H57*G57,0) -> 400647
D58: 08B.289 | E58: SUMINISTRO E INSTALACION SALIDA SENSOR DE MOVIMIENTO | F58: UND | G58: 1 | H58: 153655 | I58: =ROUND(H58*G58,0) -> 153655
D59: 08B.330 | E59: SUMINISTRO, TRANSPORTE E INSTALACION DE LUMINARIA DE EMPOTRAR TIPO PANEL LED CUADRADO 60 X 60, 48W BLANCO OPAL. INCLUYE DRIVER SC CLAVIJA Y TODOS LOS ACCESORIOS PARA SU CORRECTA INSTALACIÓN Y MONTAJE | F59: UND | G59: 10 | H59: 119062 | I59: =ROUND(H59*G59,0) -> 1190620
C60: 009 | E60: REVOQUES Y RESANES
D61: 009.005 | E61: SUMINISTRO,TRANSPORTE E INSTALACION REVOQUE LISO MUROS 1:3 IMPERMEABILIZADO (INCLUYE FILOS Y DILATACIONES) PARA ALTURAS MENORES A 3 METROS | F61: M2 | G61: 200 | H61: 37836 | I61: =ROUND(H61*G61,0) -> 7567200
C62: 011 | E62: CIELO RASO
D63: 011.001 | E63: SUMINISTRO, TRANSPORTE E INSTALACIÓN A TODO COSTO DE CIELO RASO EN SUPERBOARD 6 MM JUNTA PERDIDA PINTADO Y TERMINADO. INCLUYE PERFILERÍA, ANCLAJES Y TODO LO NECESARIO PARA SU CORRECTA INSTALACIÓN | F63: M2 | G63: 100 | H63: 80497 | I63: =ROUND(H63*G63,0) -> 8049700
C64: 018 | E64: CERRAJERIA
D65: 018.007 | E65: SUMINISTRO, TRANSPORTE E INSTALACION CERRADURA CERROJO DOBLE LLAVE - REF. B362PX TIPO SCHALAGE O SIMILAR. ACABADO SEGÚN DISEÑO. | F65: UND | G65: 13 | H65: 218536 | I65: =ROUND(H65*G65,0) -> 2840968
C66: 019 | E66: PINTURA
D67: 019.001 | E67: SUMINISTRO, TRANSPORTE E INSTALACION ESTUCO Y VINILO 3 MANOS SOBRE MURO INTERIOR (INCLUYE ESTUCO, 1 MANO EN PINTURA TIPO 2 Y DOS MANOS EN PINTURA TIPO 1, FILOS Y DILATACIONES). COLOR SEGÚN DISEÑO POR M2 | F67: M2 | G67: 200 | H67: 26633 | I67: =ROUND(H67*G67,0) -> 5326600
D68: 019.014 | E68: SUMINISTRO, TRANSPORTE E INSTALACION ESTUCO Y PINTURA TIPO KORAZA O SIMILAR 3 MANOS FACHADAS (INCLUYE ESTUCO, 1 MANO EN PINTURA TIPO 2 Y DOS MANOS EN PINTURA TIPO KORAZA O SIMILAR, FILOS Y DILATACIONES). COLOR SEGÚN DISEÑO. | F68: M2 | G68: 100 | H68: 31005 | I68: =ROUND(H68*G68,0) -> 3100500
C69: 022 | E69: ASEO GENERAL Y LIMPIEZA
D70: 022.010 | E70: LIMPIEZA DE CANALES EN CONCRETO A NIVEL DEL TERRENO (ANCHO HASTA 0.60 MTS) | F70: ML | G70: 30 | H70: 3743 | I70: =ROUND(H70*G70,0) -> 112290
D71: 022.001 | E71: ASEO GENERAL | F71: M2 | G71: 700 | H71: 3815 | I71: =ROUND(H71*G71,0) -> 2670500
C72: 028 | E72: DESMONTES
D73: 028.008 | E73: DESMONTE CIELO RASO (INCLUYE RETIRO) | F73: M2 | G73: 20 | H73: 17080 | I73: =ROUND(H73*G73,0) -> 341600
E74: DESMONTE APARATO
C75: 029 | E75: DEMOLICIONES
D76: 029.017 | E76: DEMOLICION MORTEROS Y REVOQUE | F76: M2 | G76: 200 | H76: 11010 | I76: =ROUND(H76*G76,0) -> 2202000
D77: 029.074 | E77: DEMOLICION MURO MAMPOSTERIA DE LADRILLO O BLOQUE - INCLUY RETIRO Y DISPOSICION | F77: M2 | G77: 3 | H77: 34353 | I77: =ROUND(H77*G77,0) -> 103059
C78: 032 | E78: ADICIONALES ALCALDIA DE MANIZALES
D79: 032.025 | E79: LIMPIEZA DE VIGA CANALES | F79: ML | G79: 30 | H79: 3743 | I79: =ROUND(H79*G79,0) -> 112290
D80: 032.042 | E80: SUMINISTRO, TRANSPORTE E INSTALACION SANITARIO LÍNEA INFANTIL COMPLETO, CON FLUITMASTER Y VÁLVULA DE REGULACIÓN SANITARIA | F80: UND | G80: 2 | H80: 762722 | I80: =ROUND(H80*G80,0) -> 1525444
D81: 032.048 | E81: REPARACIÓN DE PUNTO SANITARIO OBSTRUIDO INCLUYE SONDEO DE TUBERÍA, RETIRO REVISIÓN Y REINSTALACIÓN DE APARATO SANITARIO. | F81: UND | G81: 3 | H81: 98787 | I81: =ROUND(H81*G81,0) -> 296361
D82: 032.165 | E82: SUMINISTRO, TRANSPORTE E INSTALACION DE LAMINAS DIFUSORAS DE LUZ DE 0.61 X 2.45 M CON ESTRUCTURA EN ALUMINIO NATURAL SUSPENDIDA A LA ESTRUCTURA INCLUYE ADECUACIÓN DE LÁMPARAS A LA MODULACIÓN DEL CIELO RASO | F82: M2 | G82: =2+1.5 -> 3.5 | H82: 113473 | I82: =ROUND(H82*G82,0) -> 397156
D83: 032.126 | E83: SUMINISTRO,TRANSPORTE E INSTALACION DE SIKAFLEX SELLO PARA VENTANAS | F83: ML | G83: 50 | H83: 10077 | I83: =ROUND(H83*G83,0) -> 503850
D84: 032.009 | E84: SUMINISTRO, TRANSPORTE E INSTALACION MORTERO DE NIVELACION 1:3 IMPERMEABILIZADO | F84: M2 | G84: 20 | H84: 40495 | I84: =ROUND(H84*G84,0) -> 809900
C85: 030 | E85: JORNALES
D86: 030.002 | E86: JORNAL AYUDANTE | F86: DIA | G86: 2 | H86: 86780 | I86: =ROUND(H86*G86,0) -> 173560
C87: I.E | E87: ITEMS ESPECIALES
E88: REPARACION DE CUBIERTA | F88: M2 | G88: 700 | H88: 30000000 | I88: 30000000
E89: SUMINISTRO, TRANSPORTE E INSTALACION SIKA MORTERO 101 SOBRE REVOQUE 3 MANOS SOBRE MURO, FILOS Y DILATACIONES). | F89: M2 | G89: 94 | H89: =+'[2]ITEMS CREADOS'!$H$2 -> 34255 | I89: =ROUND(H89*G89,0) -> 3219970
E90: SUMINISTRO, TRANSPORTE E INSTALACIÓN DE VIDRIO 4 MM, INCLUYE TODA LA SILICONA NECESARIA PARA GARANTIZAR SU PERFECTA INSTALACIÓN | F90: M2 | G90: =0.43*1.95 -> 0.8385 | H90: =+'[2]ITEMS CREADOS'!$H$10 -> 142697 | I90: =ROUND(H90*G90,0) -> 119651
C91: Subtotal | I91: =SUM(I52:I90) -> 71404017 | J91: 71404017
C92: JARDIN BUENAS NOCHES
D93: ITEM DE PAGO | E93: DESCRIPCION | F93: UND. | G93: CANTIDAD | H93: VALOR UNITARIO | I93: VALOR TOTAL
C94: 003 | E94: DESAGUES E INSTALACIONES SANITARIAS
D95: 003.013 | E95: SUMINISTRO, TRANSPORTE E INSTALACION PUNTO DESAGUE PVC 2" Aparatos sanitarios y desagues (INCLUYE CODO, YEE Y ACCESORIOS) | F95: UND. | G95: 2 | H95: 83038 | I95: =ROUND(H95*G95,0) -> 166076
D96: 003.014 | E96: SUMINISTRO, TRANSPORTE E INSTALACION PUNTO DESAGUE PVC 3" Aparatos sanitarios y desagues (INCLUYE CODO, YEE Y ACCESORIOS) | F96: UND. | G96: =+'[3](1) MEMORIA'!$J$32 -> 1 | H96: 104811 | I96: =ROUND(H96*G96,0) -> 104811
D97: 003.033 | E97: =+'[3](1) APU'!$C$32 -> SUMINISTRO, TRANSPORTE E INSTALACION TUBERIA PVC-S 4" (RED SANITARIA DESCOLGADA, INCLUYE ACCESORIOS) | F97: ML | G97: 17 | H97: 40049 | I97: =ROUND(H97*G97,0) -> 680833
C98: 005 | E98: ESTRUCTURAS EN CONCRETO, METALICAS Y DE MADERA
D99: 005.001 | E99: SUMINISTRO, TRANSPORTE E INSTALACION MALLA ELECTROSOLDADA CUALQUIER REFERENCIA (Incluye alambre negro, colocación y traslapo). | F99: KG | G99: 110 | H99: 8506 | I99: =ROUND(H99*G99,0) -> 935660
C100: 006 | E100: MAMPOSTERIA
D101: 006.010 | E101: SUMINISTRO, TRANSPORTE E INSTALACION MURO EN BLOQUE Concreto estructural liso 12*20*40 cm. (Incluye grouting y refuerzo) APU'!D113 | F101: =+'[3](1) APU'!F113 -> 0.5 | G101: 2 | H101: 119834 | I101: =ROUND(H101*G101,0) -> 239668
D102: 006.033 | E102: SUMINISTRO, TRANSPORTE E INSTALACION ANCLAJE EPOXICO 1/2" L=15 cm (Incluye perforación y adhesivo epóxico) | F102: UND | G102: =+'[3](1) MEMORIA'!$J$76 -> 55 | H102: 18042 | I102: =ROUND(H102*G102,0) -> 992310
C103: 007 | E103: INSTALACIONES HIDRAULICAS
D104: 007.017 | E104: SUMINISTRO, TRANSPORTE E INSTALACION PUNTO AGUA FRIA 1/2" PVC -P ( Incluye accesorios de instalación ) | F104: UND. | G104: 6 | H104: 60969 | I104: =ROUND(H104*G104,0) -> 365814
D105: 007.021 | E105: SUMINISTRO, TRANSPORTE E INSTALACION PUNTO AGUA CALIENTE 1/2" CPVC-P ( Incluye accesorios de instalación ) | F105: UND. | G105: 4 | H105: 115913 | I105: =ROUND(H105*G105,0) -> 463652
C106: 08B | E106: INSTALACIONES ELECTRICAS - REDES INTERNAS
D107: 08B.306 | E107: =+'[3](1) APU'!$C$98 -> DESMONTE DE LÁMPARAS DE SOBREPONER, INCRUSTAR O SIMILAR. ALTURA > 3 METROS (INCLUYE ANDAMIOS CERTIFICADOS) | F107: UND | G107: 3 | H107: 26458 | I107: =ROUND(H107*G107,0) -> 79374
D108: 08B.307 | E108: =+'[3](1) APU'!$C$105 -> DESMONTE DE INTERRUPTORES (DOBLE O SENCILLOS), TOMACORRIENTES (DOBLES O SENCILLOS), PUNTOS TELEFÓNICOS, DE DATOS O SIMILARES | F108: =+'[3](1) APU'!$E$105 -> UND | G108: =+'[3](1) MEMORIA'!$J$122 -> 16 | H108: 9772 | I108: =ROUND(H108*G108,0) -> 156352
...

Sheet PRESUPUEST (2)
B2: Código | C2: CCE-EICP-FM-14
B3: FORMULARIO 1
B4: PRESUPUESTO OFICIAL
B5: [Las Entidades Estatales deben usar el presente formulario para determinar el Presupuesto Oficial del Proceso de Contratación y solo pueden modificar o ajustar aquello que en este se permite expresamente] [El presente formulario aplica para los procesos de contratación que tengan como forma de pago precios unitarios. Tratándose de otras modalidades de precio, la Entidad debe ajustarlo cuando corresponde a: precio global, llave en mano, administración delegada, reembolso de gastos o cualquier otra forma de precio.]
B9: Adicionalmente, cuando el proceso de contratación es estructurado por precios unitarios, la Entidad debe aplicar las notas 1, 2 y 3 del presente formulario y las casillas de "Descripción", "Porcentaje" de la Administración, Imprevisto, Utilidad y total A.I.U. resaltadas en color amarillo. Tratándose de otras modalidades de precio, la Entidad puede o no configurar los mismos aspectos.
C14: ITEM DE PAGO | D14: DESCRIPCION | E14: UND. | F14: CANTIDAD | G14: VALOR UNITARIO | H14: VALOR UNITARIO CON AU | J14: DESCRIPCION | K14: UND. | L14: VALOR UNITARIO | M14: VR. UNIT CON AU
B15: 002 MOVIMIENTO DE TIERRAS
B16: 1 | C16: 002.83 | D16: EXCAVACION MANUAL | E16: M3 | F16: 1 | G16: =APU!I2 -> 27162 | H16: =M16 -> 37603 | J16: =VLOOKUP($C16,[6]Actividades!$A:$E,2,FALSE) -> EXCAVACION MANUAL | K16: =VLOOKUP($C16,[6]Actividades!$A:$E,4,FALSE) -> M3 | L16: =VLOOKUP($C16,[6]Actividades!$A:$E,5,FALSE) -> 27162 | M16: =ROUND(L16*(1+'Analisis AIU'!$J$53),0) -> 37603
B17: SUBTOTAL SIN AU
B18: 003 DESAGUES E INSTALACIONES SANITARIAS
B19: 2 | C19: 003.010 | D19: SUMINISTRO, TRANSPORTE E INSTALACION BAJANTE AGUAS LLUVIAS PVC 3" (INCLUYE CODO, UNION Y ACCESORIOS DE FIJACION) | E19: ML | F19: 1 | G19: =APU!I7 -> 29571 | H19: =M19 -> 40938 | J19: =VLOOKUP($C19,[6]Actividades!$A:$E,2,FALSE) -> SUMINISTRO, TRANSPORTE E INSTALACION BAJANTE AGUAS LLUVIAS PVC 3" (INCLUYE CODO, UNION Y ACCESORIOS DE FIJACION) | K19: =VLOOKUP($C19,[6]Actividades!$A:$E,4,FALSE) -> ML | L19: =VLOOKUP($C19,[6]Actividades!$A:$E,5,FALSE) -> 29571 | M19: =ROUND(L19*(1+'Analisis AIU'!$J$53),0) -> 40938
B20: 3 | C20: 003.011 | D20: SUMINISTRO, TRANSPORTE E INSTALACION BAJANTE AGUAS LLUVIAS PVC 4" (INCLUYE CODO, UNION Y ACCESORIOS DE FIJACION) | E20: ML | F20: 1 | G20: =APU!I19 -> 38890 | H20: =M20 -> 53839 | J20: =VLOOKUP($C20,[6]Actividades!$A:$E,2,FALSE) -> SUMINISTRO, TRANSPORTE E INSTALACION BAJANTE AGUAS LLUVIAS PVC 4" (INCLUYE CODO, UNION Y ACCESORIOS DE FIJACION) | K20: =VLOOKUP($C20,[6]Actividades!$A:$E,4,FALSE) -> ML | L20: =VLOOKUP($C20,[6]Actividades!$A:$E,5,FALSE) -> 38890 | M20: =ROUND(L20*(1+'Analisis AIU'!$J$53),0) -> 53839
B21: 4 | C21: 003.013 | D21: SUMINISTRO, TRANSPORTE E INSTALACION PUNTO DESAGUE PVC 2" Aparatos sanitarios y desagues (INCLUYE CODO, YEE Y ACCESORIOS) | E21: UND | F21: 1 | G21: =APU!I31 -> 83038 | H21: =M21 -> 114958 | J21: =VLOOKUP($C21,[6]Actividades!$A:$E,2,FALSE) -> SUMINISTRO, TRANSPORTE E INSTALACION PUNTO DESAGUE PVC 2" APARATOS SANITARIOS Y DESAGUES (INCLUYE CODO, YEE Y ACCESORIOS) | K21: =VLOOKUP($C21,[6]Actividades!$A:$E,4,FALSE) -> UND | L21: =VLOOKUP($C21,[6]Actividades!$A:$E,5,FALSE) -> 83038 | M21: =ROUND(L21*(1+'Analisis AIU'!$J$53),0) -> 114958
B22: 5 | C22: 003.014 | D22: SUMINISTRO, TRANSPORTE E INSTALACION PUNTO DESAGUE PVC 3" Aparatos sanitarios y desagues (INCLUYE CODO, YEE Y ACCESORIOS) | E22: UND. | F22: 1 | G22: =APU!I41 -> 104811 | H22: =M22 -> 145100 | J22: =VLOOKUP($C22,[6]Actividades!$A:$E,2,FALSE) -> SUMINISTRO, TRANSPORTE E INSTALACION PUNTO DESAGUE PVC 3" APARATOS SANITARIOS Y DESAGUES (INCLUYE CODO, YEE Y ACCESORIOS) | K22: =VLOOKUP($C22,[6]Actividades!$A:$E,4,FALSE) -> UND | L22: =VLOOKUP($C22,[6]Actividades!$A:$E,5,FALSE) -> 104811 | M22: =ROUND(L22*(1+'Analisis AIU'!$J$53),0) -> 145100
B23: 6 | C23: 003.015 | D23: SUMINISTRO, TRANSPORTE E INSTALACION PUNTO DESAGUE PVC 4" Aparatos sanitarios (INCLUYE CODO, YEE Y ACCESORIOS) | E23: UN | F23: 1 | G23: =APU!I51 -> 139123 | H23: =M23 -> 192602 | J23: =VLOOKUP($C23,[6]Actividades!$A:$E,2,FALSE) -> SUMINISTRO, TRANSPORTE E INSTALACION PUNTO DESAGUE PVC 4" APARATOS SANITARIOS (INCLUYE CODO, YEE Y ACCESORIOS) | K23: =VLOOKUP($C23,[6]Actividades!$A:$E,4,FALSE) -> UND | L23: =VLOOKUP($C23,[6]Actividades!$A:$E,5,FALSE) -> 139123 | M23: =ROUND(L23*(1+'Analisis AIU'!$J$53),0) -> 192602
B24: 7 | C24: 003.027 | D24: SUMINISTRO, TRANSPORTE E INSTALACION TUBERIA PVC-S 2" (RED SANITARIA, INCLUYE ACCESORIOS) | E24: ML | F24: 1 | G24: =APU!I62 -> 21285 | H24: =M24 -> 29467 | J24: =VLOOKUP($C24,[6]Actividades!$A:$E,2,FALSE) -> SUMINISTRO, TRANSPORTE E INSTALACION TUBERIA PVC-S 2" (RED SANITARIA, INCLUYE ACCESORIOS) | K24: =VLOOKUP($C24,[6]Actividades!$A:$E,4,FALSE) -> ML | L24: =VLOOKUP($C24,[6]Actividades!$A:$E,5,FALSE) -> 21285 | M24: =ROUND(L24*(1+'Analisis AIU'!$J$53),0) -> 29467
B25: 8 | C25: 003.029 | D25: SUMINISTRO, TRANSPORTE E INSTALACION TUBERIA PVC-S 4" (RED SANITARIA, INCLUYE ACCESORIOS) | E25: ML | F25: 1 | G25: =APU!I72 -> 33532 | H25: =M25 -> 46422 | J25: =VLOOKUP($C25,[6]Actividades!$A:$E,2,FALSE) -> SUMINISTRO, TRANSPORTE E INSTALACION TUBERIA PVC-S 4" (RED SANITARIA, INCLUYE ACCESORIOS) | K25: =VLOOKUP($C25,[6]Actividades!$A:$E,4,FALSE) -> ML | L25: =VLOOKUP($C25,[6]Actividades!$A:$E,5,FALSE) -> 33532 | M25: =ROUND(L25*(1+'Analisis AIU'!$J$53),0) -> 46422
B26: 9 | C26: 003.033 | D26: SUMINISTRO, TRANSPORTE E INSTALACION TUBERIA PVC-S 4" (RED SANITARIA DESCOLGADA, INCLUYE ACCESORIOS) | E26: ML | F26: 1 | G26: =APU!I82 -> 40049 | H26: =M26 -> 55444 | J26: =VLOOKUP($C26,[6]Actividades!$A:$E,2,FALSE) -> SUMINISTRO, TRANSPORTE E INSTALACION TUBERIA PVC-S 4" (RED SANITARIA DESCOLGADA, INCLUYE ACCESORIOS) | K26: =VLOOKUP($C26,[6]Actividades!$A:$E,4,FALSE) -> ML | L26: =VLOOKUP($C26,[6]Actividades!$A:$E,5,FALSE) -> 40049 | M26: =ROUND(L26*(1+'Analisis AIU'!$J$53),0) -> 55444
B27: 10 | C27: 003.067 | D27: SUMINISTRO, TRANSPORTE E INSTALACION REJILLA Aluminio 3" x 2" con Sosco Anticucarachas - Ref. TA-3"x2" | E27: UND | F27: 1 | G27: =APU!I94 -> 21496 | H27: =M27 -> 29759 | J27: =VLOOKUP($C27,[6]Actividades!$A:$E,2,FALSE) -> SUMINISTRO, TRANSPORTE E INSTALACION REJILLA ALUMINIO 3" X 2" CON SOSCO ANTICUCARACHAS - REF. TA-3"X2" | K27: =VLOOKUP($C27,[6]Actividades!$A:$E,4,FALSE) -> UND | L27: =VLOOKUP($C27,[6]Actividades!$A:$E,5,FALSE) -> 21496 | M27: =ROUND(L27*(1+'Analisis AIU'!$J$53),0) -> 29759
B28: 11 | C28: 003.103 | D28: SUMINISTRO, TRANSPORTE E INSTALACIÓN SIFÓN PVC-S 2" | E28: UND | F28: 1 | G28: =APU!I102 -> 93846 | H28: =M28 -> 129920 | J28: =VLOOKUP($C28,[6]Actividades!$A:$E,2,FALSE) -> SUMINISTRO, TRANSPORTE E INSTALACIÓN SIFÓN PVC-S 2" | K28: =VLOOKUP($C28,[6]Actividades!$A:$E,4,FALSE) -> UND | L28: =VLOOKUP($C28,[6]Actividades!$A:$E,5,FALSE) -> 93846 | M28: =ROUND(L28*(1+'Analisis AIU'!$J$53),0) -> 129920
B29: 12 | C29: 003.107 | D29: SUMINISTRO, TRANSPORTE E INSTALACION ORINAL INSTITUCIONAL MEDIANO DE ENTRADA SUPERIOR EN PORCELANA COLOR BLANCO LINEA POLO (CORONA) REF: 088621001 O SIMILAR. INCLUYE GRIFERÍA PUSH Y VÁLVULA ANTIVANDÁLICA. | E29: UND. | F29: 1 | G29: =APU!I112 -> 882320 | H29: =M29 -> 1221484 | J29: =VLOOKUP($C29,[6]Actividades!$A:$E,2,FALSE) -> SUMINISTRO, TRANSPORTE E INSTALACION ORINAL INSTITUCIONAL MEDIANO DE ENTRADA SUPERIOR EN PORCELANA COLOR BLANCO LINEA POLO (CORONA) REF: 088621001 O SIMILAR. INCLUYE GRIFERÍA PUSH Y VÁLVULA ANTIVANDÁLICA. | K29: =VLOOKUP($C29,[6]Actividades!$A:$E,4,FALSE) -> UND | L29: =VLOOKUP($C29,[6]Actividades!$A:$E,5,FALSE) -> 882320 | M29: =ROUND(L29*(1+'Analisis AIU'!$J$53),0) -> 1221484
B30: SUBTOTAL SIN AU | H30: =M30 -> 0
B31: 005 ESTRUCTURAS EN CONCRETO, METALICAS Y DE MADERA
B32: 13 | C32: 005.001 | D32: SUMINISTRO, TRANSPORTE E INSTALACION MALLA ELECTROSOLDADA CUALQUIER REFERENCIA (Incluye alambre negro, colocación y traslapo). | E32: KG | F32: 1 | G32: =APU!I122 -> 8506 | H32: =M32 -> 11776 | J32: =VLOOKUP($C32,[6]Actividades!$A:$E,2,FALSE) -> SUMINISTRO, TRANSPORTE E INSTALACION MALLA ELECTROSOLDADA CUALQUIER REFERENCIA (INCLUYE ALAMBRE NEGRO, COLOCACIÓN Y TRASLAPO). | K32: =VLOOKUP($C32,[6]Actividades!$A:$E,4,FALSE) -> KG | L32: =VLOOKUP($C32,[6]Actividades!$A:$E,5,FALSE) -> 8506 | M32: =ROUND(L32*(1+'Analisis AIU'!$J$53),0) -> 11776
B33: 14 | C33: 005.010 | D33: SUMINISTRO, TRANSPORTE E INSTALACION PLACA CONTRAPISO CONCRETO 3000 PSI E=0.07 m ( Sin refuerzo) | E33: M2 | F33: 1 | G33: =APU!I129 -> 80331 | H33: =M33 -> 111210 | J33: =VLOOKUP($C33,[6]Actividades!$A:$E,2,FALSE) -> SUMINISTRO, TRANSPORTE E INSTALACION PLACA CONTRAPISO CONCRETO 3000 PSI E=0.07 M ( SIN REFUERZO) | K33: =VLOOKUP($C33,[6]Actividades!$A:$E,4,FALSE) -> M2 | L33: =VLOOKUP($C33,[6]Actividades!$A:$E,5,FALSE) -> 80331 | M33: =ROUND(L33*(1+'Analisis AIU'!$J$53),0) -> 111210
B34: 15 | C34: 005.038 | D34: SUMINISTRO, TRANSPORTE E INSTALACION COLUMNETA CONFINAMIENTO CONCRETO 3000 PSI 0.20 X 0.12 M. | E34: ML | F34: 1 | G34: =APU!I140 -> 89184 | H34: =M34 -> 123466 | J34: =VLOOKUP($C34,[6]Actividades!$A:$E,2,FALSE) -> SUMINISTRO, TRANSPORTE E INSTALACION COLUMNETA CONFINAMIENTO CONCRETO 3000 PSI 0.20 X 0.12 M. | K34: =VLOOKUP($C34,[6]Actividades!$A:$E,4,FALSE) -> ML | L34: =VLOOKUP($C34,[6]Actividades!$A:$E,5,FALSE) -> 89184 | M34: =ROUND(L34*(1+'Analisis AIU'!$J$53),0) -> 123466
B35: 16 | C35: 005.044 | D35: SUMINISTRO, TRANSPORTE E INSTALACION ALFAJIAS EN CONCRETO 3000 PSI a=0.25 m | E35: ML | F35: 1 | G35: =APU!I153 -> 47276 | H35: =M35 -> 65449 | J35: =VLOOKUP($C35,[6]Actividades!$A:$E,2,FALSE) -> SUMINISTRO, TRANSPORTE E INSTALACION ALFAJIAS EN CONCRETO 3000 PSI A=0.25 M | K35: =VLOOKUP($C35,[6]Actividades!$A:$E,4,FALSE) -> ML | L35: =VLOOKUP($C35,[6]Actividades!$A:$E,5,FALSE) -> 47276 | M35: =ROUND(L35*(1+'Analisis AIU'!$J$53),0) -> 65449
B36: 17 | C36: 005.049 | D36: SUMINISTRO, TRANSPORTE E INSTALACION MESON EN CONCRETO 3000 PSI E=0,07 M ANCHO=0,60M( INCLUYE REFUERZO, ACERO NO. 3 EN AMBAS DIRECCIONES @ 0,15M, MURO EN LADRILLO Y REVOQUE) | E36: M2 | F36: 1 | G36: =APU!I164 -> 217609 | H36: =M36 -> 301258 | J36: =VLOOKUP($C36,[6]Actividades!$A:$E,2,FALSE) -> SUMINISTRO, TRANSPORTE E INSTALACION MESON EN CONCRETO 3000 PSI E=0,07 M ANCHO=0,60M( INCLUYE REFUERZO, ACERO NO. 3 EN AMBAS DIRECCIONES @ 0,15M, MURO EN LADRILLO Y REVOQUE) | K36: =VLOOKUP($C36,[6]Actividades!$A:$E,4,FALSE) -> ML | L36: =VLOOKUP($C36,[6]Actividades!$A:$E,5,FALSE) -> 217609 | M36: =ROUND(L36*(1+'Analisis AIU'!$J$53),0) -> 301258
B37: 18 | C37: 005.113 | D37: SUMINISTRO, TRANSPORTE E INSTALACION ESTRUCTURA METALICA PARA CUBIERTA (INCLUYE SOLDADURA, ANTICORROSIVO Y ESMALTE). | E37: KG | F37: 1 | G37: =APU!I179 -> 21595 | H37: =M37 -> 29896 | J37: =VLOOKUP($C37,[6]Actividades!$A:$E,2,FALSE) -> SUMINISTRO, TRANSPORTE E INSTALACION ESTRUCTURA METALICA PARA CUBIERTA (INCLUYE SOLDADURA, ANTICORROSIVO Y ESMALTE). | K37: =VLOOKUP($C37,[6]Actividades!$A:$E,4,FALSE) -> KG | L37: =VLOOKUP($C37,[6]Actividades!$A:$E,5,FALSE) -> 21595 | M37: =ROUND(L37*(1+'Analisis AIU'!$J$53),0) -> 29896
B38: SUBTOTAL SIN AU | H38: =M38 -> 0
B39: 006 MAMPOSTERIA
B40: 19 | C40: 006.001 | D40: SUMINISTRO, TRANSPORTE E INSTALACION MURO EN BLOQUE Nº4 Arcilla 33*23*9 cm. | E40: M2 | F40: 1 | G40: =APU!I191 -> 66405 | H40: =M40 -> 91931 | J40: =VLOOKUP($C40,[6]Actividades!$A:$E,2,FALSE) -> SUMINISTRO, TRANSPORTE E INSTALACION MURO EN BLOQUE Nº4 ARCILLA 33*23*9 CM. | K40: =VLOOKUP($C40,[6]Actividades!$A:$E,4,FALSE) -> M2 | L40: =VLOOKUP($C40,[6]Actividades!$A:$E,5,FALSE) -> 66405 | M40: =ROUND(L40*(1+'Analisis AIU'!$J$53),0) -> 91931
B41: 20 | C41: 006.010 | D41: SUMINISTRO, TRANSPORTE E INSTALACION MURO EN BLOQUE Concreto estructural liso 12*20*40 cm. (Incluye grouting y refuerzo) | E41: 0.5 | F41: 1 | G41: =APU!I199 -> 119834 | H41: =M41 -> 165898 | J41: =VLOOKUP($C41,[6]Actividades!$A:$E,2,FALSE) -> SUMINISTRO, TRANSPORTE E INSTALACION MURO EN BLOQUE CONCRETO ESTRUCTURAL LISO 12*20*40 CM. (INCLUYE GROUTING Y REFUERZO) | K41: =VLOOKUP($C41,[6]Actividades!$A:$E,4,FALSE) -> M2 | L41: =VLOOKUP($C41,[6]Actividades!$A:$E,5,FALSE) -> 119834 | M41: =ROUND(L41*(1+'Analisis AIU'!$J$53),0) -> 165898
B42: 21 | C42: 006.019 | D42: SUMINISTRO, TRANSPORTE E INSTALACIÓN A TODO COSTO DE MURO EN SUPERBOARD 8 MM PINTADO Y TERMINADO (DOS CARAS). INCLUYE PERFILERÍA Y TODO LO NECESARIO PARA SU CORRECTA INSTALACIÓN | E42: M2 | F42: 1 | G42: =APU!I210 -> 133757 | H42: =M42 -> 185173 | J42: =VLOOKUP($C42,[6]Actividades!$A:$E,2,FALSE) -> SUMINISTRO, TRANSPORTE E INSTALACIÓN A TODO COSTO DE MURO EN SUPERBOARD 8 MM PINTADO Y TERMINADO (DOS CARAS). INCLUYE PERFILERÍA Y TODO LO NECESARIO PARA SU CORRECTA INSTALACIÓN | K42: =VLOOKUP($C42,[6]Actividades!$A:$E,4,FALSE) -> M2 | L42: =VLOOKUP($C42,[6]Actividades!$A:$E,5,FALSE) -> 133757 | M42: =ROUND(L42*(1+'Analisis AIU'!$J$53),0) -> 185173
B43: 22 | C43: 006.033 | D43: SUMINISTRO, TRANSPORTE E INSTALACION ANCLAJE EPOXICO 1/2" L=15 cm (Incluye perforación y adhesivo epóxico) | E43: UND | F43: 1 | G43: =APU!I226 -> 18042 | H43: =M43 -> 24977 | J43: =VLOOKUP($C43,[6]Actividades!$A:$E,2,FALSE) -> SUMINISTRO, TRANSPORTE E INSTALACION ANCLAJE EPOXICO 1/2" L=15 CM (INCLUYE PERFORACIÓN Y ADHESIVO EPÓXICO) | K43: =VLOOKUP($C43,[6]Actividades!$A:$E,4,FALSE) -> UND | L43: =VLOOKUP($C43,[6]Actividades!$A:$E,5,FALSE) -> 18042 | M43: =ROUND(L43*(1+'Analisis AIU'!$J$53),0) -> 24977
B44: SUBTOTAL SIN AU | H44: =M44 -> 0
B45: 007 INSTALACIONES HIDRAULICAS
B46: 23 | C46: 007.017 | D46: SUMINISTRO, TRANSPORTE E INSTALACION PUNTO AGUA FRIA 1/2" PVC -P ( Incluye accesorios de instalación ) | E46: UND. | F46: 1 | G46: =APU!I236 -> 60969 | H46: =M46 -> 84405 | J46: =VLOOKUP($C46,[6]Actividades!$A:$E,2,FALSE) -> SUMINISTRO, TRANSPORTE E INSTALACION PUNTO AGUA FRIA 1/2" PVC -P ( INCLUYE ACCESORIOS DE INSTALACIÓN ) | K46: =VLOOKUP($C46,[6]Actividades!$A:$E,4,FALSE) -> UND | L46: =VLOOKUP($C46,[6]Actividades!$A:$E,5,FALSE) -> 60969 | M46: =ROUND(L46*(1+'Analisis AIU'!$J$53),0) -> 84405
B47: 24 | C47: 007.021 | D47: SUMINISTRO, TRANSPORTE E INSTALACION PUNTO AGUA CALIENTE 1/2" CPVC-P ( Incluye accesorios de instalación ) | E47: UND. | F47: 1 | G47: =APU!I247 -> 115913 | H47: =M47 -> 160470 | J47: =VLOOKUP($C47,[6]Actividades!$A:$E,2,FALSE) -> SUMINISTRO, TRANSPORTE E INSTALACION PUNTO AGUA CALIENTE 1/2" CPVC-P ( INCLUYE ACCESORIOS DE INSTALACIÓN ) | K47: =VLOOKUP($C47,[6]Actividades!$A:$E,4,FALSE) -> UND | L47: =VLOOKUP($C47,[6]Actividades!$A:$E,5,FALSE) -> 115913 | M47: =ROUND(L47*(1+'Analisis AIU'!$J$53),0) -> 160470
B48: 25 | C48: 007.076 | D48: SUMINISTRO, TRANSPORTE E INSTALACION MEDIDORES AGUA 1" (INCLUYE CAJA DE 60*60*14) | E48: UND | F48: 1 | G48: =APU!I258 -> 1185755 | H48: =M48 -> 1641559 | J48: =VLOOKUP($C48,[6]Actividades!$A:$E,2,FALSE) -> SUMINISTRO, TRANSPORTE E INSTALACION MEDIDORES AGUA 1" (INCLUYE CAJA DE 60*60*14) | K48: =VLOOKUP($C48,[6]Actividades!$A:$E,4,FALSE) -> UND | L48: =VLOOKUP($C48,[6]Actividades!$A:$E,5,FALSE) -> 1185755 | M48: =ROUND(L48*(1+'Analisis AIU'!$J$53),0) -> 1641559
B49: 26 | C49: 007.079 | D49: SUMINISTRO, TRANSPORTE E INSTALACION ACOMETIDA AGUA PRESION PVC 2 ". INCLUYE ACCESORIOS. | E49: ML | F49: 1 | G49: 66314 | H49: =M49 -> 91805 | J49: =VLOOKUP($C49,[6]Actividades!$A:$E,2,FALSE) -> SUMINISTRO, TRANSPORTE E INSTALACION ACOMETIDA AGUA PRESION PVC 2 ". INCLUYE ACCESORIOS. | K49: =VLOOKUP($C49,[6]Actividades!$A:$E,4,FALSE) -> ML | L49: =VLOOKUP($C49,[6]Actividades!$A:$E,5,FALSE) -> 66314 | M49: =ROUND(L49*(1+'Analisis AIU'!$J$53),0) -> 91805
B50: 27 | C50: 007.110 | D50: SUMINISTRO TRANSPORTE E INSTALACION PUNTO DE AGUA FRIA EN P.V.C - PRESION F 1/2" CON SALIDA EN HIERRO GALVANIZADO. | E50: UND | F50: 1 | G50: =APU!I267 -> 51729 | H50: =M50 -> 71614 | J50: =VLOOKUP($C50,[6]Actividades!$A:$E,2,FALSE) -> SUMINISTRO TRANSPORTE E INSTALACION PUNTO DE AGUA FRIA EN P.V.C - PRESION F 1/2" CON SALIDA EN HIERRO GALVANIZADO. | K50: =VLOOKUP($C50,[6]Actividades!$A:$E,4,FALSE) -> UND | L50: =VLOOKUP($C50,[6]Actividades!$A:$E,5,FALSE) -> 51729 | M50: =ROUND(L50*(1+'Analisis AIU'!$J$53),0) -> 71614
B51: 28 | C51: 007.116 | D51: SUMINISTRO, TRANSPORTE E INSTALACION LAVAMANOS DE EMPOTRAR LINEA SAN LORENZO COLOR BLANCO DE CORONA REF: O19001001 O SIMILAR. (INCLUYE ELEMENTOS DE GRIFERÍA PARA INSTALACIÓN). | E51: UND | F51: 1 | G51: =APU!I278 -> 496058 | H51: =M51 -> 686743 | J51: =VLOOKUP($C51,[6]Actividades!$A:$E,2,FALSE) -> SUMINISTRO, TRANSPORTE E INSTALACION LAVAMANOS DE EMPOTRAR LINEA SAN LORENZO COLOR BLANCO DE CORONA REF: O19001001 O SIMILAR. (INCLUYE ELEMENTOS DE GRIFERÍA PARA INSTALACIÓN). | K51: =VLOOKUP($C51,[6]Actividades!$A:$E,4,FALSE) -> UND | L51: =VLOOKUP($C51,[6]Actividades!$A:$E,5,FALSE) -> 496058 | M51: =ROUND(L51*(1+'Analisis AIU'!$J$53),0) -> 686743
B52: 29 | C52: 007.128 | D52: SUMINISTRO, TRANSPORTE E INSTALACIÓN DE LLAVE DE PASO TIPO RED WHITE 1/2" | E52: UN | F52: 1 | G52: =APU!I286 -> 58732 | H52: =M52 -> 81309 | J52: =VLOOKUP($C52,[6]Actividades!$A:$E,2,FALSE) -> SUMINISTRO, TRANSPORTE E INSTALACIÓN DE LLAVE DE PASO TIPO RED WHITE 1/2" | K52: =VLOOKUP($C52,[6]Actividades!$A:$E,4,FALSE) -> UND | L52: =VLOOKUP($C52,[6]Actividades!$A:$E,5,FALSE) -> 58732 | M52: =ROUND(L52*(1+'Analisis AIU'!$J$53),0) -> 81309
B53: SUBTOTAL SIN AU | H53: =M53 -> 0
B54: 009 REVOQUES-RESANES
B55: 30 | C55: 009.001 | D55: SUMINISTRO,TRANSPORTE E INSTALACION REVOQUE LISO MUROS 1:3 INTERIOR ( INCLUYE FILOS Y DILATACIONES ) | E55: M2 | F55: 1 | G55: =APU!I297 -> 32616 | H55: =M55 -> 45154 | J55: =VLOOKUP($C55,[6]Actividades!$A:$E,2,FALSE) -> SUMINISTRO,TRANSPORTE E INSTALACION REVOQUE LISO MUROS 1:3 INTERIOR ( INCLUYE FILOS Y DILATACIONES ) | K55: =VLOOKUP($C55,[6]Actividades!$A:$E,4,FALSE) -> M2 | L55: =VLOOKUP($C55,[6]Actividades!$A:$E,5,FALSE) -> 32616 | M55: =ROUND(L55*(1+'Analisis AIU'!$J$53),0) -> 45154
B56: 31 | C56: 009.005 | D56: SUMINISTRO,TRANSPORTE E INSTALACION REVOQUE LISO MUROS 1:3 IMPERMEABILIZADO (INCLUYE FILOS Y DILATACIONES) PARA ALTURAS MENORES A 3 METROS | E56: M2 | F56: 1 | G56: =APU!I305 -> 37836 | H56: =M56 -> 52380 | J56: =VLOOKUP($C56,[6]Actividades!$A:$E,2,FALSE) -> SUMINISTRO,TRANSPORTE E INSTALACION REVOQUE LISO MUROS 1:3 IMPERMEABILIZADO (INCLUYE FILOS Y DILATACIONES) PARA ALTURAS MENORES A 3 METROS | K56: =VLOOKUP($C56,[6]Actividades!$A:$E,4,FALSE) -> M2 | L56: =VLOOKUP($C56,[6]Actividades!$A:$E,5,FALSE) -> 37836 | M56: =ROUND(L56*(1+'Analisis AIU'!$J$53),0) -> 52380
B57: 32 | C57: 009.025 | D57: REPARACION MUROS (INCLUYE RESANE Y PINTURA) | E57: M2 | F57: 1 | G57: =APU!I312 -> 4940 | H57: =M57 -> 6839 | J57: =VLOOKUP($C57,[6]Actividades!$A:$E,2,FALSE) -> REPARACION MUROS (INCLUYE RESANE Y PINTURA) | K57: =VLOOKUP($C57,[6]Actividades!$A:$E,4,FALSE) -> M2 | L57: =VLOOKUP($C57,[6]Actividades!$A:$E,5,FALSE) -> 4940 | M57: =ROUND(L57*(1+'Analisis AIU'!$J$53),0) -> 6839
B58: 33 | C58: 009.026 | D58: SUMINISTRO, TRANSPORTE E INSTALACION SIKA MONOTOP 123 SOBRE MURO, FILOS Y DILATACIONES EN AREAS DE INTERVENCION PARA CONTROL DE HUMEDAD). | E58: M2 | F58: 1 | G58: =APU!I316 -> 30900 | H58: =M58 -> 42778 | J58: =VLOOKUP($C58,[6]Actividades!$A:$E,2,FALSE) -> SUMINISTRO, TRANSPORTE E INSTALACION SIKA MONOTOP 123 SOBRE MURO, FILOS Y DILATACIONES EN AREAS DE INTERVENCION PARA CONTROL DE HUMEDAD). | K58: =VLOOKUP($C58,[6]Actividades!$A:$E,4,FALSE) -> M2 | L58: =VLOOKUP($C58,[6]Actividades!$A:$E,5,FALSE) -> 30900 | M58: =ROUND(L58*(1+'Analisis AIU'!$J$53),0) -> 42778
B59: SUBTOTAL SIN AU | H59: =M59 -> 0
B60: 010 CUBIERTAS
B61: 34 | C61: 010.011 | D61: SUMINISTRO, TRANSPORTE E INSTALACION CABALLETE LISO Teja Termoacustica Cindulit / Cindurib o similar. Color según diseño (Incluye instalación, ganchos de fijación y el suministro de todos los accesorios requeridos para el correcto montaje.) | E61: ML | F61: 1 | G61: =APU!I324 -> 62486 | H61: =M61 -> 86506 | J61: =VLOOKUP($C61,[6]Actividades!$A:$E,2,FALSE) -> SUMINISTRO, TRANSPORTE E INSTALACION CABALLETE LISO TEJA TERMOACUSTICA CINDULIT / CINDURIB O SIMILAR. COLOR SEGÚN DISEÑO (INCLUYE INSTALACIÓN, GANCHOS DE FIJACIÓN Y EL SUMINISTRO DE TODOS LOS ACCESORIOS REQUERIDOS PARA EL CORRECTO MONTAJE.) | K61: =VLOOKUP($C61,[6]Actividades!$A:$E,4,FALSE) -> ML | L61: =VLOOKUP($C61,[6]Actividades!$A:$E,5,FALSE) -> 62486 | M61: =ROUND(L61*(1+'Analisis AIU'!$J$53),0) -> 86506
B62: 35 | C62: 010.015 | D62: SUMINISTRO, TRANSPORTE E INSTALACION MEDIA CAÑA EN MORTERO 1:3 H=20 CM (TERMINADO ALLANADO EN CEMENTO) | E62: ML | F62: 1 | G62: =APU!I336 -> 22110 | H62: =M62 -> 30609 | J62: =VLOOKUP($C62,[6]Actividades!$A:$E,2,FALSE) -> SUMINISTRO, TRANSPORTE E INSTALACION MEDIA CAÑA EN MORTERO 1:3 H=20 CM (TERMINADO ALLANADO EN CEMENTO) | K62: =VLOOKUP($C62,[6]Actividades!$A:$E,4,FALSE) -> ML | L62: =VLOOKUP($C62,[6]Actividades!$A:$E,5,FALSE) -> 22110 | M62: =ROUND(L62*(1+'Analisis AIU'!$J$53),0) -> 30609
B63: 36 | C63: 010.018 | D63: SUMINISTRO, TRANSPORTE E INSTALACION FLANCHE EN LAMINA GALVANIZADA Cal .20 d/ 0.50 m. (Incluye esmalte + anclaje a muro + sikaflex) | E63: ML | F63: 1 | G63: =APU!I344 -> 34747 | H63: =M63 -> 48104 | J63: =VLOOKUP($C63,[6]Actividades!$A:$E,2,FALSE) -> SUMINISTRO, TRANSPORTE E INSTALACION FLANCHE EN LAMINA GALVANIZADA CAL .20 D/ 0.50 M. (INCLUYE ESMALTE + ANCLAJE A MURO + SIKAFLEX) | K63: =VLOOKUP($C63,[6]Actividades!$A:$E,4,FALSE) -> ML | L63: =VLOOKUP($C63,[6]Actividades!$A:$E,5,FALSE) -> 34747 | M63: =ROUND(L63*(1+'Analisis AIU'!$J$53),0) -> 48104
B64: 37 | C64: 010.020 | D64: SUMINISTRO, TRANSPORTE E INSTALACION CANAL EN LAMINA GALVANIZADA CAL .20 D/ 0.82 M. (SUMINISTRO E INSTALACIÓN CON WASH PRIMER + ESMALTE + ANCLAJE A MURO + SILICONA) | E64: ML | F64: 1 | G64: =APU!I355 -> 98143 | H64: =M64 -> 135869 | J64: =VLOOKUP($C64,[6]Actividades!$A:$E,2,FALSE) -> SUMINISTRO, TRANSPORTE E INSTALACION CANAL EN LAMINA GALVANIZADA CAL .20 D/ 0.82 M. (SUMINISTRO E INSTALACIÓN CON WASH PRIMER + ESMALTE + ANCLAJE A MURO + SILICONA) | K64: =VLOOKUP($C64,[6]Actividades!$A:$E,4,FALSE) -> ML | L64: =VLOOKUP($C64,[6]Actividades!$A:$E,5,FALSE) -> 98143 | M64: =ROUND(L64*(1+'Analisis AIU'!$J$53),0) -> 135869
B65: 38 | C65: 010.026 | D65: RECORRIDO DE CUBIERTA (Inc. Ganchos, amarras y sikaflex) | E65: M2 | F65: 1 | G65: =APU!I370 -> 18149 | H65: =M65 -> 25125 | J65: =VLOOKUP($C65,[6]Actividades!$A:$E,2,FALSE) -> RECORRIDO DE CUBIERTA (INC. GANCHOS, AMARRAS Y SIKAFLEX) | K65: =VLOOKUP($C65,[6]Actividades!$A:$E,4,FALSE) -> M2 | L65: =VLOOKUP($C65,[6]Actividades!$A:$E,5,FALSE) -> 18149 | M65: =ROUND(L65*(1+'Analisis AIU'!$J$53),0) -> 25125
B66: 39 | C66: 010.033 | D66: SUMINISTRO, TRANSPORTE E INSTALACION DE TEJA TERMOACÚSTICA UPVC DE 2.0MM (INCLUYE CAPOTE, ARENDELA DE NEOPRENO, TAPA Y TORNILLO DE 3" | E66: M2 | F66: 1 | G66: =APU!I378 -> 73822 | H66: =M66 -> 102199 | J66: =VLOOKUP($C66,[6]Actividades!$A:$E,2,FALSE) -> SUMINISTRO, TRANSPORTE E INSTALACION DE TEJA TERMOACÚSTICA UPVC DE 2.0MM (INCLUYE CAPOTE, ARENDELA DE NEOPRENO, TAPA Y TORNILLO DE 3" | K66: =VLOOKUP($C66,[6]Actividades!$A:$E,4,FALSE) -> M2 | L66: =VLOOKUP($C66,[6]Actividades!$A:$E,5,FALSE) -> 73822 | M66: =ROUND(L66*(1+'Analisis AIU'!$J$53),0) -> 102199
B67: SUBTOTAL SIN AU | H67: =M67 -> 0
B68: 011 CIELO RASOS
B69: 40 | C69: 011.001 | D69: SUMINISTRO, TRANSPORTE E INSTALACIÓN A TODO COSTO DE CIELO RASO EN SUPERBOARD 6 MM JUNTA PERDIDA, UNA MANO DE VINILO Y DOS MANOS DE ACRILTEX. INCLUYE PERFILERÍA, ANCLAJES, DILATACION Z EN PERIMETRO, Y TODO LO NECESARIO PARA SU CORRECTA INSTALACIÓN. | E69: M2 | F69: 1 | G69: =APU!I390 -> 80497 | H69: =M69 -> 111440 | J69: =VLOOKUP($C69,[6]Actividades!$A:$E,2,FALSE) -> SUMINISTRO, TRANSPORTE E INSTALACIÓN A TODO COSTO DE CIELO RASO EN SUPERBOARD 6 MM JUNTA PERDIDA, UNA MANO DE VINILO Y DOS MANOS DE ACRILTEX. INCLUYE PERFILERÍA, ANCLAJES, DILATACION Z EN PERIMETRO, Y TODO LO NECESARIO PARA SU CORRECTA INSTALACIÓN. | K69: =VLOOKUP($C69,[6]Actividades!$A:$E,4,FALSE) -> M2 | L69: =VLOOKUP($C69,[6]Actividades!$A:$E,5,FALSE) -> 80497 | M69: =ROUND(L69*(1+'Analisis AIU'!$J$53),0) -> 111440
B70: 41 | C70: 011.009 | D70: SUMINISTRO, TRANSPORTE E INSTALACIÓN DE CIELO RASO EN LÁMINAS DE PVC A TODO COSTO. INCLUYE ESTRUCTURA METÁLICA, PERIMETRALES Y HASTA 2 CAJAS DE INSPECCION DE 0.60 X 0.60 CADA 30 M2. TEXTURA SEGÚN DISEÑO | E70: M2 | F70: 1 | G70: =APU!I409 -> 76082 | H70: =M70 -> 105328 | J70: =VLOOKUP($C70,[6]Actividades!$A:$E,2,FALSE) -> SUMINISTRO, TRANSPORTE E INSTALACIÓN DE CIELO RASO EN LÁMINAS DE PVC A TODO COSTO. INCLUYE ESTRUCTURA METÁLICA, PERIMETRALES Y HASTA 2 CAJAS DE INSPECCION DE 0.60 X 0.60 CADA 30 M2. TEXTURA SEGÚN DISEÑO | K70: =VLOOKUP($C70,[6]Actividades!$A:$E,4,FALSE) -> M2 | L70: =VLOOKUP($C70,[6]Actividades!$A:$E,5,FALSE) -> 76082 | M70: =ROUND(L70*(1+'Analisis AIU'!$J$53),0) -> 105328
B71: SUBTOTAL SIN AU | H71: =M71 -> 0
B72: 012 PISOS - ACABADOS
B73: 42 | C73: 012.001 | D73: SUMINISTRO, TRANSPORTE E INSTALACION ALISTADO PISOS Mortero 1:3 e= 0.03 mts | E73: M2 | F73: 1 | G73: =APU!I423 -> 29797 | H73: =M73 -> 41251 | J73: =VLOOKUP($C73,[6]Actividades!$A:$E,2,FALSE) -> SUMINISTRO, TRANSPORTE E INSTALACION ALISTADO PISOS MORTERO 1:3 E= 0.03 MTS | K73: =VLOOKUP($C73,[6]Actividades!$A:$E,4,FALSE) -> M2 | L73: =VLOOKUP($C73,[6]Actividades!$A:$E,5,FALSE) -> 29797 | M73: =ROUND(L73*(1+'Analisis AIU'!$J$53),0) -> 41251
B74: 43 | C74: 012.007 | D74: SUMINISTRO, TRANSPORTE E INSTALACION CERAMICA PISO ANTIQUE TIPO ALFA O SIMILAR. COLOR BEIGE O BLANCO SEGÚN DISEÑO (INCLUYE BOQUILLA.). INCLUYE MORTERO DE PEGA Y/O NIVELACIÓN. | E74: M2 | F74: 1 | G74: =APU!I431 -> 72763 | H74: =M74 -> 100733 | J74: =VLOOKUP($C74,[6]Actividades!$A:$E,2,FALSE) -> SUMINISTRO, TRANSPORTE E INSTALACION CERAMICA PISO ANTIQUE TIPO ALFA O SIMILAR. COLOR BEIGE O BLANCO SEGÚN DISEÑO (INCLUYE BOQUILLA.). INCLUYE MORTERO DE PEGA Y/O NIVELACIÓN. | K74: =VLOOKUP($C74,[6]Actividades!$A:$E,4,FALSE) -> M2 | L74: =VLOOKUP($C74,[6]Actividades!$A:$E,5,FALSE) -> 72763 | M74: =ROUND(L74*(1+'Analisis AIU'!$J$53),0) -> 100733
B75: 44 | C75: 012.031 | D75: SUMINISTRO, TRANSPORTE E INSTALACION GUARDAESCOBA CERAMICA TIPO ANTIQUE H = 10 CM. TIPO ALFA O SIMILAR. COLOR BEIGE O BLANCO SEGÚN DISEÑO (INCLUYE BOQUILLA.). INCLUYE MORTERO DE PEGA Y/O NIVELACIÓN | E75: ML | F75: 1 | G75: =APU!I441 -> 16058 | H75: =M75 -> 22231 | J75: =VLOOKUP($C75,[6]Actividades!$A:$E,2,FALSE) -> SUMINISTRO, TRANSPORTE E INSTALACION GUARDAESCOBA CERAMICA TIPO ANTIQUE H = 10 CM. TIPO ALFA O SIMILAR. COLOR BEIGE O BLANCO SEGÚN DISEÑO (INCLUYE BOQUILLA.). INCLUYE MORTERO DE PEGA Y/O NIVELACIÓN | K75: =VLOOKUP($C75,[6]Actividades!$A:$E,4,FALSE) -> ML | L75: =VLOOKUP($C75,[6]Actividades!$A:$E,5,FALSE) -> 16058 | M75: =ROUND(L75*(1+'Analisis AIU'!$J$53),0) -> 22231
B76: SUBTOTAL SIN AU | H76: =M76 -> 0
B77: 013 ENCHAPES Y ACCESORIOS
B78: 45 | C78: 013.002 | D78: SUMINISTRO, TRANSPORTE E INSTALACION CERAMICA PARED COLOR BEIGE O BLANCO HASTA $40.000 X M2. SEGÚN DISEÑO (INCLUYE BOQUILLA COLOR Y WIN.) | E78: M2 | F78: 1 | G78: =APU!I453 -> 75557 | H78: =M78 -> 104601 | J78: =VLOOKUP($C78,[6]Actividades!$A:$E,2,FALSE) -> SUMINISTRO, TRANSPORTE E INSTALACION CERAMICA PARED COLOR BEIGE O BLANCO HASTA $40.000 X M2. SEGÚN DISEÑO (INCLUYE BOQUILLA COLOR Y WIN.) | K78: =VLOOKUP($C78,[6]Actividades!$A:$E,4,FALSE) -> M2 | L78: =VLOOKUP($C78,[6]Actividades!$A:$E,5,FALSE) -> 75557 | M78: =ROUND(L78*(1+'Analisis AIU'!$J$53),0) -> 104601
B79: 46 | C79: 013.003 | D79: SUMINISTRO, TRANSPORTE E INSTALACION CERAMICA PARED ANTIQUE 15X15 CM ANCHO < 0,50. TIPO ALFA O SIMILAR. COLOR BEIGE O BLANCO SEGÚN DISEÑO (INCLUYE BOQUILLA COLOR Y WIN.) | E79: ML | F79: 1 | G79: =APU!I464 -> 42259 | H79: =M79 -> 58503 | J79: =VLOOKUP($C79,[6]Actividades!$A:$E,2,FALSE) -> SUMINISTRO, TRANSPORTE E INSTALACION CERAMICA PARED ANTIQUE 15X15 CM ANCHO < 0,50. TIPO ALFA O SIMILAR. COLOR BEIGE O BLANCO SEGÚN DISEÑO (INCLUYE BOQUILLA COLOR Y WIN.) | K79: =VLOOKUP($C79,[6]Actividades!$A:$E,4,FALSE) -> ML | L79: =VLOOKUP($C79,[6]Actividades!$A:$E,5,FALSE) -> 42259 | M79: =ROUND(L79*(1+'Analisis AIU'!$J$53),0) -> 58503
B80: SUBTOTAL SIN AU | H80: =M80 -> 0
B81: 015 APARATOS SANITARIOS
B82: 47 | C82: 015.002 | D82: SUMINISTRO, TRANSPORTE E INSTALACION COMBO TIPO LAGUNA BALTA BLANCO CON PEDESTAL CORONA O SIMILAR. (INCLUYE SANITARIO CON TAPA Y TANQUE, LAVAMANOS DE PEDESTAL CON SIFÓN BOTELLA Y DESAGUE SENCILLO, GRIFERÍA, GRAPAS, ACCESORIOS DE CONEXIÓN E INSTALACIÓN.) | E82: UN | F82: 1 | G82: =APU!I475 -> 651201 | H82: =M82 -> 901523 | J82: =VLOOKUP($C82,[6]Actividades!$A:$E,2,FALSE) -> SUMINISTRO, TRANSPORTE E INSTALACION COMBO TIPO LAGUNA BALTA BLANCO CON PEDESTAL CORONA O SIMILAR. (INCLUYE SANITARIO CON TAPA Y TANQUE, LAVAMANOS DE PEDESTAL CON SIFÓN BOTELLA Y DESAGUE SENCILLO, GRIFERÍA, GRAPAS, ACCESORIOS DE CONEXIÓN E INSTALACIÓN.) | K82: =VLOOKUP($C82,[6]Actividades!$A:$E,4,FALSE) -> UND | L82: =VLOOKUP($C82,[6]Actividades!$A:$E,5,FALSE) -> 651201 | M82: =ROUND(L82*(1+'Analisis AIU'!$J$53),0) -> 901523
B83: 48 | C83: 015.003 | D83: SUMINISTRO, TRANSPORTE E INSTALACION SANITARIO LAGUNA COLOR BLANCO CORONA O SIMILAR. CONJUNTO SANITARIO QUE INCLUYE SANITARIO, TAPA, TANQUE, ACCESORIOS DE CONEXIÓN E INSTALACIÓN. | E83: UND. | F83: 1 | G83: =APU!I487 -> 360629 | H83: =M83 -> 499255 | J83: =VLOOKUP($C83,[6]Actividades!$A:$E,2,FALSE) -> SUMINISTRO, TRANSPORTE E INSTALACION SANITARIO LAGUNA COLOR BLANCO CORONA O SIMILAR. CONJUNTO SANITARIO QUE INCLUYE SANITARIO, TAPA, TANQUE, ACCESORIOS DE CONEXIÓN E INSTALACIÓN. | K83: =VLOOKUP($C83,[6]Actividades!$A:$E,4,FALSE) -> UND | L83: =VLOOKUP($C83,[6]Actividades!$A:$E,5,FALSE) -> 360629 | M83: =ROUND(L83*(1+'Analisis AIU'!$J$53),0) -> 499255
B84: 49 | C84: 015.010 | D84: SUMINISTRO, TRANSPORTE E INSTALACION ORINAL MEDIANO DE COLGAR EN PORCELANA COLOR BLANCO TIPO CORONA O SIMILAR CON VÁLVULA ANTIVÁNDALICA DE EMPOTRAR | E84: UN | F84: 1 | G84: =APU!I496 -> 901362 | H84: =M84 -> 1247846 | J84: =VLOOKUP($C84,[6]Actividades!$A:$E,2,FALSE) -> SUMINISTRO, TRANSPORTE E INSTALACION ORINAL MEDIANO DE COLGAR EN PORCELANA COLOR BLANCO TIPO CORONA O SIMILAR CON VÁLVULA ANTIVÁNDALICA DE EMPOTRAR | K84: =VLOOKUP($C84,[6]Actividades!$A:$E,4,FALSE) -> UND | L84: =VLOOKUP($C84,[6]Actividades!$A:$E,5,FALSE) -> 901362 | M84: =ROUND(L84*(1+'Analisis AIU'!$J$53),0) -> 1247846
B85: 50 | C85: 015.013 | D85: SUMINISTRO, TRANSPORTE E INSTALACION LAVAMANOS SOBREPONER LINEA MARSELLA COLOR BLANCO CORONA O SIMILAR. (INCLUYE GRIFERIA, DESAGÜE AUTOMATICO, SIFÓN BOTELLA, ACOPLE). | E85: UND. | F85: 1 | G85: =APU!I505 -> 484878 | H85: =M85 -> 671265 | J85: =VLOOKUP($C85,[6]Actividades!$A:$E,2,FALSE) -> SUMINISTRO, TRANSPORTE E INSTALACION LAVAMANOS SOBREPONER LINEA MARSELLA COLOR BLANCO CORONA O SIMILAR. (INCLUYE GRIFERIA, DESAGÜE AUTOMATICO, SIFÓN BOTELLA, ACOPLE). | K85: =VLOOKUP($C85,[6]Actividades!$A:$E,4,FALSE) -> UND | L85: =VLOOKUP($C85,[6]Actividades!$A:$E,5,FALSE) -> 484878 | M85: =ROUND(L85*(1+'Analisis AIU'!$J$53),0) -> 671265
B86: 51 | C86: 015.014 | D86: SUMINISTRO, TRANSPORTE E INSTALACION GRIFERIA MEZCLADOR LAVAMANOS 8" TIPO GRIVAL O SIMILAR. (INCLUYE DESAGUE, SIFÓN, GRAPAS E INSTALACIÓN). | E86: UND | F86: 1 | G86: =APU!I515 -> 188892 | H86: =M86 -> 261502 | J86: =VLOOKUP($C86,[6]Actividades!$A:$E,2,FALSE) -> SUMINISTRO, TRANSPORTE E INSTALACION GRIFERIA MEZCLADOR LAVAMANOS 8" TIPO GRIVAL O SIMILAR. (INCLUYE DESAGUE, SIFÓN, GRAPAS E INSTALACIÓN). | K86: =VLOOKUP($C86,[6]Actividades!$A:$E,4,FALSE) -> UND | L86: =VLOOKUP($C86,[6]Actividades!$A:$E,5,FALSE) -> 188892 | M86: =ROUND(L86*(1+'Analisis AIU'!$J$53),0) -> 261502
B87: 52 | C87: 015.015 | D87: SUMINISTRO, TRANSPORTE E INSTALACION DUCHA SENCILLA GALAXIA REF. 50430001 TIPO GRIVAL O SIMILAR. (INCLUYE REGADERA E INSTALACIÓN). | E87: UND. | F87: 1 | G87: =APU!I523 -> 105876 | H87: =M87 -> 146575 | J87: =VLOOKUP($C87,[6]Actividades!$A:$E,2,FALSE) -> SUMINISTRO, TRANSPORTE E INSTALACION DUCHA SENCILLA GALAXIA REF. 50430001 TIPO GRIVAL O SIMILAR. (INCLUYE REGADERA E INSTALACIÓN). | K87: =VLOOKUP($C87,[6]Actividades!$A:$E,4,FALSE) -> UND | L87: =VLOOKUP($C87,[6]Actividades!$A:$E,5,FALSE) -> 105876 | M87: =ROUND(L87*(1+'Analisis AIU'!$J$53),0) -> 146575
B88: 53 | C88: 015.018 | D88: SUMINISTRO, TRANSPORTE E INSTALACION ORINAL TIPO GOTTA BAJO CONSUMO 0,5 Lpf sifon oculto , Color blanco tipo push antivandalico marca Corona. | E88: UND | F88: 1 | G88: =APU!I531 -> 989216 | H88: =M88 -> 1369471 | J88: =VLOOKUP($C88,[6]Actividades!$A:$E,2,FALSE) -> SUMINISTRO, TRANSPORTE E INSTALACION ORINAL TIPO GOTTA BAJO CONSUMO 0,5 LPF SIFON OCULTO , COLOR BLANCO TIPO PUSH ANTIVANDALICO MARCA CORONA. | K88: =VLOOKUP($C88,[6]Actividades!$A:$E,4,FALSE) -> UND | L88: =VLOOKUP($C88,[6]Actividades!$A:$E,5,FALSE) -> 989216 | M88: =ROUND(L88*(1+'Analisis AIU'!$J$53),0) -> 1369471
B89: SUBTOTAL SIN AU | H89: =M89 -> 0
B90: 016 CARPINTERIA EN MADERA
B91: 54 | C91: 016.003 | D91: SUMINISTRO, TRANSPORTE E INSTALACION PUERTA ENTAMBORADA EN LAMINA TRIPLEX OKUME - TIPO PIZANO OKUMÉ O SIMILAR. ANCHO: 0,51 A 0,75 M. ALTO: 1,80 A 2,40 M. HOJA LISA CON 4 RANURAS HORIZONTALES Y CON MARQUETE CAPACANTO OKUMÉ. ACABADO: TINTILLA, SELLADOR (MÍNIMO 6 MANOS) Y LACA SEGÚN DISEÑO. (INCLUYE BISAGRAS). | E91: UND | F91: 1 | G91: =APU!I538 -> 766015 | H91: =M91 -> 1060471 | J91: =VLOOKUP($C91,[6]Actividades!$A:$E,2,FALSE) -> SUMINISTRO, TRANSPORTE E INSTALACION PUERTA ENTAMBORADA EN LAMINA TRIPLEX OKUME - TIPO PIZANO OKUMÉ O SIMILAR. ANCHO: 0,51 A 0,75 M. ALTO: 1,80 A 2,40 M. HOJA LISA CON 4 RANURAS HORIZONTALES Y CON MARQUETE CAPACANTO OKUMÉ. ACABADO: TINTILLA, SELLADOR (MÍNIMO 6 MANOS) Y LACA SEGÚN DISEÑO. (INCLUYE BISAGRAS). | K91: =VLOOKUP($C91,[6]Actividades!$A:$E,4,FALSE) -> UND | L91: =VLOOKUP($C91,[6]Actividades!$A:$E,5,FALSE) -> 766015 | M91: =ROUND(L91*(1+'Analisis AIU'!$J$53),0) -> 1060471
B92: 55 | C92: 016.017 | D92: SUMINISTRO, TRANSPORTE E INSTALACION DE MUEBLE BAJO MESON ANCHO: 0.60 M. CON FACHADA: MADECOR 19 MM. INTERIOR: MADECOR 15 MM. TIPO PIZANO O SIMILAR. ACABADO: SEGÚN PINTA SELECCIONADA DE CARTA COLORES MADECOR. (INCLUYE HOJAS PARA PUERTAS CON 2 RANURAS HORIZONTALES PINTADAS Y CON MARQUETE EN CANTO DECORATIVO. INTERIOR CON UN (1) ENTREPAÑO, TAPA SOBRE EL POYO DEL MUEBLE, HERRAJES, MANIJAS, SUMINISTRO DE TODOS LOS ACCESORIOS NECESARIOS PARA GARANTIZAR UNA CORRECTA INSTALACIÓN). | E92: M2 | F92: 1 | G92: =APU!I551 -> 507616 | H92: =M92 -> 702744 | J92: =VLOOKUP($C92,[6]Actividades!$A:$E,2,FALSE) -> SUMINISTRO, TRANSPORTE E INSTALACION DE MUEBLE BAJO MESON ANCHO: 0.60 M. CON FACHADA: MADECOR 19 MM. INTERIOR: MADECOR 15 MM. TIPO PIZANO O SIMILAR. ACABADO: SEGÚN PINTA SELECCIONADA DE CARTA COLORES MADECOR. (INCLUYE HOJAS PARA PUERTAS CON 2 RANURAS HORIZONTALES PINTADAS Y CON MARQUETE EN CANTO DECORATIVO. INTERIOR CON UN (1) ENTREPAÑO, TAPA SOBRE EL POYO DEL MUEBLE, HERRAJES, MANIJAS, SUMINISTRO DE TODOS LOS ACCESORIOS NECESARIOS PARA GARANTIZAR UNA CORRECTA INSTALACIÓN). | K92: =VLOOKUP($C92,[6]Actividades!$A:$E,4,FALSE) -> M2 | L92: =VLOOKUP($C92,[6]Actividades!$A:$E,5,FALSE) -> 507616 | M92: =ROUND(L92*(1+'Analisis AIU'!$J$53),0) -> 702744
B93: 56 | C93: 016.018 | D93: SUMINISTRO, TRANSPORTE E INSTALACION DE MUEBLE BAJO MESON ANCHO: 0.60 M. CON CON FACHADA: TABLEX ENCHAPADO TRIPLEX OKUME 19 MM. TIPO PIZANO O SIMILAR. INTERIOR: MADECOR 15 MM. TIPO PIZANO O SIMILAR. ACABADO: ACABADO: TINTILLA, SELLADOR (MÍNIMO 6 MANOS) Y LACA PARA EL TABLEX, EL MADECOR SEGÚN PINTA SELECCIONADA DE CARTA COLORES MADECOR. (INCLUYE HOJAS PARA PUERTAS CON 2 RANURAS HORIZONTALES Y CON MARQUETE CHAPACANTO OKUMÉ. INTERIOR CON UN (1) ENTREPAÑO, TAPA SOBRE EL POYO DEL MUEBLE, HERRAJES, MANIJAS, SUMINISTRO DE TODOS LOS ACCESORIOS NECESARIOS PARA GARANTIZAR UNA CORRECTA INSTALACIÓN). | E93: M2 | F93: 1 | G93: =APU!I558 -> 872418 | H93: =M93 -> 1207775 | J93: =VLOOKUP($C93,[6]Actividades!$A:$E,2,FALSE) -> SUMINISTRO, TRANSPORTE E INSTALACION DE MUEBLE BAJO MESON ANCHO: 0.60 M. CON CON FACHADA: TABLEX ENCHAPADO TRIPLEX OKUME 19 MM. TIPO PIZANO O SIMILAR. INTERIOR: MADECOR 15 MM. TIPO PIZANO O SIMILAR. ACABADO: ACABADO: TINTILLA, SELLADOR (MÍNIMO 6 MANOS) Y LACA PARA EL TABLEX, EL MADECOR SEGÚN PINTA SELECCIONADA DE CARTA COLORES MADECOR. (INCLUYE HOJAS PARA PUERTAS CON 2 RANURAS HORIZONTALES Y CON MARQUETE CHAPACANTO OKUMÉ. INTERIOR CON UN (1) ENTREPAÑO, TAPA SOBRE EL POYO DEL MUEBLE, HERRAJES, MANIJAS, SUMINISTRO DE TODOS LOS ACCESORIOS NECESARIOS PARA GARANTIZAR UNA CORRECTA INSTALACIÓN). | K93: =VLOOKUP($C93,[6]Actividades!$A:$E,4,FALSE) -> M2 | L93: =VLOOKUP($C93,[6]Actividades!$A:$E,5,FALSE) -> 872418 | M93: =ROUND(L93*(1+'Analisis AIU'!$J$53),0) -> 1207775
B94: SUBTOTAL SIN AU | H94: =M94 -> 0
B95: 017 CARPINTERIA METALICA
B96: 57 | C96: 017.027 | D96: SUMINISTRO, TRANSPORTE E INSTALACION VENTANA CORREDIZA FIJA EN ALUMINIO ANODIZADO VIDRIO 4 MM (INCLUYE MARCO EN PERFILERIA PB 3831 O SIMILAR Y VIDRIO CRISTAL DE 4 MM. ). INCLUYE EL SUMINISTRO DE TODOS LOS ACCESORIOS REQUERIDOS PARA EL CORRECTO MONTAJE, ASI COMO EL SUMINISTRO E INSTALACIÓN DE LA SILICONA QUE SEA REQUERIDA PARA GARANTIZAR UNA PERFECTA INSTALACIÓN. SEGUN DETALLE. | E96: M2 | F96: 1 | G96: =APU!I569 -> 224213 | H96: =M96 -> 310400 | J96: =VLOOKUP($C96,[6]Actividades!$A:$E,2,FALSE) -> SUMINISTRO, TRANSPORTE E INSTALACION VENTANA CORREDIZA FIJA EN ALUMINIO ANODIZADO VIDRIO 4 MM (INCLUYE MARCO EN PERFILERIA PB 3831 O SIMILAR Y VIDRIO CRISTAL DE 4 MM. ). INCLUYE EL SUMINISTRO DE TODOS LOS ACCESORIOS REQUERIDOS PARA EL CORRECTO MONTAJE, ASI COMO EL SUMINISTRO E INSTALACIÓN DE LA SILICONA QUE SEA REQUERIDA PARA GARANTIZAR UNA PERFECTA INSTALACIÓN. SEGUN DETALLE. | K96: =VLOOKUP($C96,[6]Actividades!$A:$E,4,FALSE) -> M2 | L96: =VLOOKUP($C96,[6]Actividades!$A:$E,5,FALSE) -> 224213 | M96: =ROUND(L96*(1+'Analisis AIU'!$J$53),0) -> 310400
B97: 58 | C97: 017.045 | D97: SUMINISTRO, TRANSPORTE E INSTALACION PUERTA METALICA LÁMINA GALVANIZADA CAL. 20 TIPO PANEL CON MARCO SENCILLO ( INCLUYE ANTICORROSIVO + PINTURA ELECTROSTATICA + MARCO LÁMINA GALVANIZADA CAL. 20 CARGADOS EN CONCRETO). INCLUYE EL SUMINISTRO DE TODOS LOS ACCESORIOS REQUERIDOS PARA EL CORRECTO MONTAJE. | E97: M2 | F97: 1 | G97: =APU!I574 -> 647513 | H97: =M97 -> 896417 | J97: =VLOOKUP($C97,[6]Actividades!$A:$E,2,FALSE) -> SUMINISTRO, TRANSPORTE E INSTALACION PUERTA METALICA LÁMINA GALVANIZADA CAL. 20 TIPO PANEL CON MARCO SENCILLO ( INCLUYE ANTICORROSIVO + PINTURA ELECTROSTATICA + MARCO LÁMINA GALVANIZADA CAL. 20 CARGADOS EN CONCRETO). INCLUYE EL SUMINISTRO DE TODOS LOS ACCESORIOS REQUERIDOS PARA EL CORRECTO MONTAJE. | K97: =VLOOKUP($C97,[6]Actividades!$A:$E,4,FALSE) -> UND | L97: =VLOOKUP($C97,[6]Actividades!$A:$E,5,FALSE) -> 647513 | M97: =ROUND(L97*(1+'Analisis AIU'!$J$53),0) -> 896417
B98: 59 | C98: 017.094 | D98: SUMINISTRO, TRANSPORTE E INSTALACION BARANDA EN TUBERIA GALVANIZADA 4 HILOS DE 2", ENTRE 0.9 Y 1 MTS, PARALES VERTICALES CADA 2 MTS, RELLENA DE CONCRETO, INCLUYE WASH PRIMER, PINTURA, ANCLAJES Y RETIRO DE SOBRANTES | E98: ML | F98: 1 | G98: =+APU!$I$582 -> 410760 | H98: =M98 -> 568656 | J98: =VLOOKUP($C98,[6]Actividades!$A:$E,2,FALSE) -> SUMINISTRO, TRANSPORTE E INSTALACION BARANDA EN TUBERIA GALVANIZADA 4 HILOS DE 2", ENTRE 0.9 Y 1 MTS, PARALES VERTICALES CADA 2 MTS, RELLENA DE CONCRETO, INCLUYE WASH PRIMER, PINTURA, ANCLAJES Y RETIRO DE SOBRANTES | K98: =VLOOKUP($C98,[6]Actividades!$A:$E,4,FALSE) -> ML | L98: =VLOOKUP($C98,[6]Actividades!$A:$E,5,FALSE) -> 410760 | M98: =ROUND(L98*(1+'Analisis AIU'!$J$53),0) -> 568656
B99: 60 | C99: 017.097 | D99: SUMINISTRO, TRANSPORTE E INSTALACION REJA EN TUBO CUADRADO DE 3/4 X 3/4 PULGADA X 1.5MM X 6M EN ACERO | E99: M2 | F99: 1 | G99: =APU!I585 -> 259978 | H99: =M99 -> 359914 | J99: =VLOOKUP($C99,[6]Actividades!$A:$E,2,FALSE) -> SUMINISTRO, TRANSPORTE E INSTALACION REJA EN TUBO CUADRADO DE 3/4 X 3/4 PULGADA X 1.5MM X 6M EN ACERO | K99: =VLOOKUP($C99,[6]Actividades!$A:$E,4,FALSE) -> M2 | L99: =VLOOKUP($C99,[6]Actividades!$A:$E,5,FALSE) -> 259978 | M99: =ROUND(L99*(1+'Analisis AIU'!$J$53),0) -> 359914
B100: 61 | C100: 017.121 | D100: DESMONTE Y REINSTALACION DE PUERTA METALICA | E100: UND. | F100: 1 | G100: =APU!I599 -> 78553 | H100: =M100 -> 108749 | J100: =VLOOKUP($C100,[6]Actividades!$A:$E,2,FALSE) -> DESMONTE Y REINSTALACION DE PUERTA METALICA | K100: =VLOOKUP($C100,[6]Actividades!$A:$E,4,FALSE) -> UND | L100: =VLOOKUP($C100,[6]Actividades!$A:$E,5,FALSE) -> 78553 | M100: =ROUND(L100*(1+'Analisis AIU'!$J$53),0) -> 108749
B101: SUBTOTAL SIN AU | H101: =M101 -> 0
B102: 018 CERRAJERIA | H102: =M102 -> 0
B103: 62 | C103: 018.003 | D103: SUMINISTRO, TRANSPORTE E INSTALACION CERRADURA BELL WOOD POMO MADERA - ENTRADA REF. A80PD TIPO SCHALAGE O SIMILAR.. ACABADO SEGÚN DISEÑO. | E103: UND | F103: 1 | G103: =APU!I608 -> 157258 | H103: =M103 -> 217708 | J103: =VLOOKUP($C103,[6]Actividades!$A:$E,2,FALSE) -> SUMINISTRO, TRANSPORTE E INSTALACION CERRADURA BELL WOOD POMO MADERA - ENTRADA REF. A80PD TIPO SCHALAGE O SIMILAR.. ACABADO SEGÚN DISEÑO. | K103: =VLOOKUP($C103,[6]Actividades!$A:$E,4,FALSE) -> UND | L103: =VLOOKUP($C103,[6]Actividades!$A:$E,5,FALSE) -> 157258 | M103: =ROUND(L103*(1+'Analisis AIU'!$J$53),0) -> 217708
B104: 63 | C104: 018.004 | D104: SUMINISTRO, TRANSPORTE E INSTALACION CERRADURA ORBIT POMO METALICO - BAÑO REF. A40S TIPO SCHALAGE O SIMILAR. ACABADO SEGÚN DISEÑO. | E104: UND | F104: 1 | G104: =APU!I615 -> 204783 | H104: =M104 -> 283502 | J104: =VLOOKUP($C104,[6]Actividades!$A:$E,2,FALSE) -> SUMINISTRO, TRANSPORTE E INSTALACION CERRADURA ORBIT POMO METALICO - BAÑO REF. A40S TIPO SCHALAGE O SIMILAR. ACABADO SEGÚN DISEÑO. | K104: =VLOOKUP($C104,[6]Actividades!$A:$E,4,FALSE) -> UND | L104: =VLOOKUP($C104,[6]Actividades!$A:$E,5,FALSE) -> 204783 | M104: =ROUND(L104*(1+'Analisis AIU'!$J$53),0) -> 283502
B105: 64 | C105: 018.007 | D105: SUMINISTRO, TRANSPORTE E INSTALACION CERRADURA CERROJO DOBLE LLAVE - REF. B362PX TIPO SCHALAGE O SIMILAR. ACABADO SEGÚN DISEÑO. | E105: UND | F105: 1 | G105: =APU!I622 -> 218536 | H105: =M105 -> 302541 | J105: =VLOOKUP($C105,[6]Actividades!$A:$E,2,FALSE) -> SUMINISTRO, TRANSPORTE E INSTALACION CERRADURA CERROJO DOBLE LLAVE - REF. B362PX TIPO SCHALAGE O SIMILAR. ACABADO SEGÚN DISEÑO. | K105: =VLOOKUP($C105,[6]Actividades!$A:$E,4,FALSE) -> UND | L105: =VLOOKUP($C105,[6]Actividades!$A:$E,5,FALSE) -> 218536 | M105: =ROUND(L105*(1+'Analisis AIU'!$J$53),0) -> 302541
B106: 019 PINTURA
B107: 65 | C107: 019.001 | D107: SUMINISTRO, TRANSPORTE E INSTALACION ESTUCO Y VINILO 3 MANOS SOBRE MURO INTERIOR (INCLUYE ESTUCO, 1 MANO EN PINTURA TIPO 2 Y DOS MANOS EN PINTURA TIPO 1, FILOS Y DILATACIONES). COLOR SEGÚN DISEÑO POR M2 | E107: M2 | F107: 1 | G107: =APU!I629 -> 26633 | H107: =M107 -> 36871 | J107: =VLOOKUP($C107,[6]Actividades!$A:$E,2,FALSE) -> SUMINISTRO, TRANSPORTE E INSTALACION ESTUCO Y VINILO 3 MANOS SOBRE MURO INTERIOR (INCLUYE ESTUCO, 1 MANO EN PINTURA TIPO 2 Y DOS MANOS EN PINTURA TIPO 1, FILOS Y DILATACIONES). COLOR SEGÚN DISEÑO POR M2 | K107: =VLOOKUP($C107,[6]Actividades!$A:$E,4,FALSE) -> M2 | L107: =VLOOKUP($C107,[6]Actividades!$A:$E,5,FALSE) -> 26633 | M107: =ROUND(L107*(1+'Analisis AIU'!$J$53),0) -> 36871
B108: 66 | C108: 019.007 | D108: SUMINISTRO, TRANSPORTE E INSTALACION ESTUCO Y VINILO 3 MANOS BAJO PLACA INTERIOR (INCLUYE ESTUCO, 1 MANO EN PINTURA TIPO 2 Y DOS MANOS EN PINTURA TIPO 1, FILOS Y DILATACIONES). COLOR SEGÚN DISEÑO. | E108: M2 | F108: 1 | G108: =APU!I640 -> 28074 | H108: =M108 -> 38866 | J108: =VLOOKUP($C108,[6]Actividades!$A:$E,2,FALSE) -> SUMINISTRO, TRANSPORTE E INSTALACION ESTUCO Y VINILO 3 MANOS BAJO PLACA INTERIOR (INCLUYE ESTUCO, 1 MANO EN PINTURA TIPO 2 Y DOS MANOS EN PINTURA TIPO 1, FILOS Y DILATACIONES). COLOR SEGÚN DISEÑO. | K108: =VLOOKUP($C108,[6]Actividades!$A:$E,4,FALSE) -> M2 | L108: =VLOOKUP($C108,[6]Actividades!$A:$E,5,FALSE) -> 28074 | M108: =ROUND(L108*(1+'Analisis AIU'!$J$53),0) -> 38866
...

Sheet APU
A2: 002.83 | B2: - | C2: =VLOOKUP($A2,[7]Actividades!A:E,2,FALSE) -> EXCAVACION MANUAL | D2: =VLOOKUP($A2,[7]Actividades!A:E,3,FALSE) -> Actividad | E2: =VLOOKUP($A2,[7]Actividades!A:E,4,FALSE) -> M3 | I2: 27162 | K2: =I2*1.3844 -> 37603.073
A3: 002.83 | B3: C44 | C3: =VLOOKUP($B3,[7]Insumos!A:E,2,FALSE) -> CUADRILLA AA (2 AYUDANTES) | D3: =VLOOKUP($B3,[7]Insumos!A:E,3,FALSE) -> Cuadrilla | E3: =VLOOKUP($B3,[7]Insumos!A:E,4,FALSE) -> HR | F3: 1 | G3: 23678 | H3: 23678 | J3: =HYPERLINK("#"&"Insumos"&"!A"&MATCH($B3,[7]Insumos!$A:$A,0),"Ins "&$B3) -> Ins C44
A4: 002.83 | B4: H2 | C4: =VLOOKUP($B4,[7]Insumos!A:E,2,FALSE) -> EQUIPO BASICO (HERRAMIENTA MENOR) | D4: =VLOOKUP($B4,[7]Insumos!A:E,3,FALSE) -> Herramienta | E4: =VLOOKUP($B4,[7]Insumos!A:E,4,FALSE) -> UND | F4: 1 | G4: 3484 | H4: 3484 | J4: =HYPERLINK("#"&"Insumos"&"!A"&MATCH($B4,[7]Insumos!$A:$A,0),"Ins "&$B4) -> Ins H2
A7: 003.010 | B7: - | C7: =VLOOKUP($A7,[7]Actividades!A:E,2,FALSE) -> SUMINISTRO, TRANSPORTE E INSTALACION BAJANTE AGUAS LLUVIAS PVC 3" (INCLUYE CODO, UNION Y ACCESORIOS DE FIJACION) | D7: =VLOOKUP($A7,[7]Actividades!A:E,3,FALSE) -> Actividad | E7: =VLOOKUP($A7,[7]Actividades!A:E,4,FALSE) -> ML | I7: 29571 | K7: =I7*1.3844 -> 40938.092
A8: 003.010 | B8: C9 | C8: =VLOOKUP($B8,[7]Insumos!A:E,2,FALSE) -> CUADRILLA BB TIPO 2 (1 OFICIAL + 2 AYUDANTE) (Instalaciones) | D8: =VLOOKUP($B8,[7]Insumos!A:E,3,FALSE) -> Cuadrilla | E8: =VLOOKUP($B8,[7]Insumos!A:E,4,FALSE) -> HR | F8: 0.2 | G8: =+VLOOKUP(B8,[7]Insumos!$A$4:$F$5224,5,FALSE) -> 46886 | H8: =+ROUND(F8*G8,0) -> 9377 | J8: =HYPERLINK("#"&"Insumos"&"!A"&MATCH($B8,[7]Insumos!$A:$A,0),"Ins "&$B8) -> Ins C9
A9: 003.010 | B9: E12 | C9: =VLOOKUP($B9,[7]Insumos!A:E,2,FALSE) -> EQUIPO DE TRANSPORTE | D9: =VLOOKUP($B9,[7]Insumos!A:E,3,FALSE) -> Equipos | E9: =VLOOKUP($B9,[7]Insumos!A:E,4,FALSE) -> DIA | F9: 0.003 | G9: =+VLOOKUP(B9,[7]Insumos!$A$4:$F$5224,5,FALSE) -> 180217 | H9: =+ROUND(F9*G9,0) -> 541 | J9: =HYPERLINK("#"&"Insumos"&"!A"&MATCH($B9,[7]Insumos!$A:$A,0),"Ins "&$B9) -> Ins E12
A10: 003.010 | B10: H2 | C10: =VLOOKUP($B10,[7]Insumos!A:E,2,FALSE) -> EQUIPO BASICO (HERRAMIENTA MENOR) | D10: =VLOOKUP($B10,[7]Insumos!A:E,3,FALSE) -> Herramienta | E10: =VLOOKUP($B10,[7]Insumos!A:E,4,FALSE) -> UND | F10: 0.1 | G10: =+VLOOKUP(B10,[7]Insumos!$A$4:$F$5224,5,FALSE) -> 3484 | H10: =+ROUND(F10*G10,0) -> 348 | J10: =HYPERLINK("#"&"Insumos"&"!A"&MATCH($B10,[7]Insumos!$A:$A,0),"Ins "&$B10) -> Ins H2
A11: 003.010 | B11: I1565 | C11: =VLOOKUP($B11,[7]Insumos!A:E,2,FALSE) -> ACARREO INTERNO | D11: =VLOOKUP($B11,[7]Insumos!A:E,3,FALSE) -> Insumos | E11: =VLOOKUP($B11,[7]Insumos!A:E,4,FALSE) -> UND | F11: 0.4 | G11: =+VLOOKUP(B11,[7]Insumos!$A$4:$F$5224,5,FALSE) -> 1824 | H11: =+ROUND(F11*G11,0) -> 730 | J11: =HYPERLINK("#"&"Insumos"&"!A"&MATCH($B11,[7]Insumos!$A:$A,0),"Ins "&$B11) -> Ins I1565
A12: 003.010 | B12: I521 | C12: =VLOOKUP($B12,[7]Insumos!A:E,2,FALSE) -> ABRAZADERA EN ACERO | D12: =VLOOKUP($B12,[7]Insumos!A:E,3,FALSE) -> Insumos | E12: =VLOOKUP($B12,[7]Insumos!A:E,4,FALSE) -> UND | F12: =1/2 -> 0.5 | G12: =+VLOOKUP(B12,[7]Insumos!$A$4:$F$5224,5,FALSE) -> 2849 | H12: =+ROUND(F12*G12,0) -> 1425 | J12: =HYPERLINK("#"&"Insumos"&"!A"&MATCH($B12,[7]Insumos!$A:$A,0),"Ins "&$B12) -> Ins I521
A13: 003.010 | B13: I575 | C13: =VLOOKUP($B13,[7]Insumos!A:E,2,FALSE) -> CODO 90° 1/4 CXC SANITARIO 3'' | D13: =VLOOKUP($B13,[7]Insumos!A:E,3,FALSE) -> Insumos | E13: =VLOOKUP($B13,[7]Insumos!A:E,4,FALSE) -> UND | F13: 0.06 | G13: =+VLOOKUP(B13,[7]Insumos!$A$4:$F$5224,5,FALSE) -> 11297 | H13: =+ROUND(F13*G13,0) -> 678 | J13: =HYPERLINK("#"&"Insumos"&"!A"&MATCH($B13,[7]Insumos!$A:$A,0),"Ins "&$B13) -> Ins I575
A14: 003.010 | B14: I614 | C14: =VLOOKUP($B14,[7]Insumos!A:E,2,FALSE) -> LIMPIADOR REM PVC 760 GRMS. (1/4) | D14: =VLOOKUP($B14,[7]Insumos!A:E,3,FALSE) -> Insumos | E14: =VLOOKUP($B14,[7]Insumos!A:E,4,FALSE) -> UND | F14: 0.015 | G14: =+VLOOKUP(B14,[7]Insumos!$A$4:$F$5224,5,FALSE) -> 62393 | H14: =+ROUND(F14*G14,0) -> 936 | J14: =HYPERLINK("#"&"Insumos"&"!A"&MATCH($B14,[7]Insumos!$A:$A,0),"Ins "&$B14) -> Ins I614
A15: 003.010 | B15: I647 | C15: =VLOOKUP($B15,[7]Insumos!A:E,2,FALSE) -> SOLDADURA PVC LIQUIDA 1/4 | D15: =VLOOKUP($B15,[7]Insumos!A:E,3,FALSE) -> Insumos | E15: =VLOOKUP($B15,[7]Insumos!A:E,4,FALSE) -> UND | F15: 0.015 | G15: =+VLOOKUP(B15,[7]Insumos!$A$4:$F$5224,5,FALSE) -> 129335 | H15: =+ROUND(F15*G15,0) -> 1940 | J15: =HYPERLINK("#"&"Insumos"&"!A"&MATCH($B15,[7]Insumos!$A:$A,0),"Ins "&$B15) -> Ins I647
A16: 003.010 | B16: I750 | C16: =VLOOKUP($B16,[7]Insumos!A:E,2,FALSE) -> TUBO PVC A.LL-VENTILACION 3'' | D16: =VLOOKUP($B16,[7]Insumos!A:E,3,FALSE) -> Insumos | E16: =VLOOKUP($B16,[7]Insumos!A:E,4,FALSE) -> M | F16: 1.03 | G16: =+VLOOKUP(B16,[7]Insumos!$A$4:$F$5224,5,FALSE) -> 12317 | H16: =+ROUND(F16*G16,0) -> 12687 | J16: =HYPERLINK("#"&"Insumos"&"!A"&MATCH($B16,[7]Insumos!$A:$A,0),"Ins "&$B16) -> Ins I750
A17: 003.010 | B17: I794 | C17: =VLOOKUP($B17,[7]Insumos!A:E,2,FALSE) -> UNION SANITARIA 3" PVC | D17: =VLOOKUP($B17,[7]Insumos!A:E,3,FALSE) -> Insumos | E17: =VLOOKUP($B17,[7]Insumos!A:E,4,FALSE) -> UND | F17: 0.16 | G17: =+VLOOKUP(B17,[7]Insumos!$A$4:$F$5224,5,FALSE) -> 5679 | H17: =+ROUND(F17*G17,0) -> 909 | J17: =HYPERLINK("#"&"Insumos"&"!A"&MATCH($B17,[7]Insumos!$A:$A,0),"Ins "&$B17) -> Ins I794
A19: 003.011 | B19: - | C19: =VLOOKUP($A19,[7]Actividades!A:E,2,FALSE) -> SUMINISTRO, TRANSPORTE E INSTALACION BAJANTE AGUAS LLUVIAS PVC 4" (INCLUYE CODO, UNION Y ACCESORIOS DE FIJACION) | D19: =VLOOKUP($A19,[7]Actividades!A:E,3,FALSE) -> Actividad | E19: =VLOOKUP($A19,[7]Actividades!A:E,4,FALSE) -> ML | I19: 38890 | K19: =I19*1.3844 -> 53839.316
A20: 003.011 | B20: C9 | C20: =VLOOKUP($B20,[7]Insumos!A:E,2,FALSE) -> CUADRILLA BB TIPO 2 (1 OFICIAL + 2 AYUDANTE) (Instalaciones) | D20: =VLOOKUP($B20,[7]Insumos!A:E,3,FALSE) -> Cuadrilla | E20: =VLOOKUP($B20,[7]Insumos!A:E,4,FALSE) -> HR | F20: 0.25 | G20: =+VLOOKUP(B20,[7]Insumos!$A$4:$F$5224,5,FALSE) -> 46886 | H20: =+ROUND(F20*G20,0) -> 11722 | J20: =HYPERLINK("#"&"Insumos"&"!A"&MATCH($B20,[7]Insumos!$A:$A,0),"Ins "&$B20) -> Ins C9
A21: 003.011 | B21: E12 | C21: =VLOOKUP($B21,[7]Insumos!A:E,2,FALSE) -> EQUIPO DE TRANSPORTE | D21: =VLOOKUP($B21,[7]Insumos!A:E,3,FALSE) -> Equipos | E21: =VLOOKUP($B21,[7]Insumos!A:E,4,FALSE) -> DIA | F21: 0.005 | G21: =+VLOOKUP(B21,[7]Insumos!$A$4:$F$5224,5,FALSE) -> 180217 | H21: =+ROUND(F21*G21,0) -> 901 | J21: =HYPERLINK("#"&"Insumos"&"!A"&MATCH($B21,[7]Insumos!$A:$A,0),"Ins "&$B21) -> Ins E12
A22: 003.011 | B22: H2 | C22: =VLOOKUP($B22,[7]Insumos!A:E,2,FALSE) -> EQUIPO BASICO (HERRAMIENTA MENOR) | D22: =VLOOKUP($B22,[7]Insumos!A:E,3,FALSE) -> Herramienta | E22: =VLOOKUP($B22,[7]Insumos!A:E,4,FALSE) -> UND | F22: 0.1 | G22: =+VLOOKUP(B22,[7]Insumos!$A$4:$F$5224,5,FALSE) -> 3484 | H22: =+ROUND(F22*G22,0) -> 348 | J22: =HYPERLINK("#"&"Insumos"&"!A"&MATCH($B22,[7]Insumos!$A:$A,0),"Ins "&$B22) -> Ins H2
A23: 003.011 | B23: I1565 | C23: =VLOOKUP($B23,[7]Insumos!A:E,2,FALSE) -> ACARREO INTERNO | D23: =VLOOKUP($B23,[7]Insumos!A:E,3,FALSE) -> Insumos | E23: =VLOOKUP($B23,[7]Insumos!A:E,4,FALSE) -> UND | F23: 0.4 | G23: =+VLOOKUP(B23,[7]Insumos!$A$4:$F$5224,5,FALSE) -> 1824 | H23: =+ROUND(F23*G23,0) -> 730 | J23: =HYPERLINK("#"&"Insumos"&"!A"&MATCH($B23,[7]Insumos!$A:$A,0),"Ins "&$B23) -> Ins I1565
A24: 003.011 | B24: I521 | C24: =VLOOKUP($B24,[7]Insumos!A:E,2,FALSE) -> ABRAZADERA EN ACERO | D24: =VLOOKUP($B24,[7]Insumos!A:E,3,FALSE) -> Insumos | E24: =VLOOKUP($B24,[7]Insumos!A:E,4,FALSE) -> UND | F24: 0.5 | G24: =+VLOOKUP(B24,[7]Insumos!$A$4:$F$5224,5,FALSE) -> 2849 | H24: =+ROUND(F24*G24,0) -> 1425 | J24: =HYPERLINK("#"&"Insumos"&"!A"&MATCH($B24,[7]Insumos!$A:$A,0),"Ins "&$B24) -> Ins I521
A25: 003.011 | B25: I576 | C25: =VLOOKUP($B25,[7]Insumos!A:E,2,FALSE) -> CODO 90° 1/4 CXC SANITARIO 4'' | D25: =VLOOKUP($B25,[7]Insumos!A:E,3,FALSE) -> Insumos | E25: =VLOOKUP($B25,[7]Insumos!A:E,4,FALSE) -> UND | F25: 0.06 | G25: =+VLOOKUP(B25,[7]Insumos!$A$4:$F$5224,5,FALSE) -> 19645 | H25: =+ROUND(F25*G25,0) -> 1179 | J25: =HYPERLINK("#"&"Insumos"&"!A"&MATCH($B25,[7]Insumos!$A:$A,0),"Ins "&$B25) -> Ins I576
A26: 003.011 | B26: I614 | C26: =VLOOKUP($B26,[7]Insumos!A:E,2,FALSE) -> LIMPIADOR REM PVC 760 GRMS. (1/4) | D26: =VLOOKUP($B26,[7]Insumos!A:E,3,FALSE) -> Insumos | E26: =VLOOKUP($B26,[7]Insumos!A:E,4,FALSE) -> UND | F26: 0.017 | G26: =+VLOOKUP(B26,[7]Insumos!$A$4:$F$5224,5,FALSE) -> 62393 | H26: =+ROUND(F26*G26,0) -> 1061 | J26: =HYPERLINK("#"&"Insumos"&"!A"&MATCH($B26,[7]Insumos!$A:$A,0),"Ins "&$B26) -> Ins I614
A27: 003.011 | B27: I647 | C27: =VLOOKUP($B27,[7]Insumos!A:E,2,FALSE) -> SOLDADURA PVC LIQUIDA 1/4 | D27: =VLOOKUP($B27,[7]Insumos!A:E,3,FALSE) -> Insumos | E27: =VLOOKUP($B27,[7]Insumos!A:E,4,FALSE) -> UND | F27: 0.017 | G27: =+VLOOKUP(B27,[7]Insumos!$A$4:$F$5224,5,FALSE) -> 129335 | H27: =+ROUND(F27*G27,0) -> 2199 | J27: =HYPERLINK("#"&"Insumos"&"!A"&MATCH($B27,[7]Insumos!$A:$A,0),"Ins "&$B27) -> Ins I647
A28: 003.011 | B28: I751 | C28: =VLOOKUP($B28,[7]Insumos!A:E,2,FALSE) -> TUBO PVC A.LL-VENTILACION 4'' | D28: =VLOOKUP($B28,[7]Insumos!A:E,3,FALSE) -> Insumos | E28: =VLOOKUP($B28,[7]Insumos!A:E,4,FALSE) -> M | F28: 1.03 | G28: =+VLOOKUP(B28,[7]Insumos!$A$4:$F$5224,5,FALSE) -> 16984 | H28: =+ROUND(F28*G28,0) -> 17494 | J28: =HYPERLINK("#"&"Insumos"&"!A"&MATCH($B28,[7]Insumos!$A:$A,0),"Ins "&$B28) -> Ins I751
A29: 003.011 | B29: I795 | C29: =VLOOKUP($B29,[7]Insumos!A:E,2,FALSE) -> UNION SANITARIA 4" PVC | D29: =VLOOKUP($B29,[7]Insumos!A:E,3,FALSE) -> Insumos | E29: =VLOOKUP($B29,[7]Insumos!A:E,4,FALSE) -> UND | F29: 0.16 | G29: =+VLOOKUP(B29,[7]Insumos!$A$4:$F$5224,5,FALSE) -> 11446 | H29: =+ROUND(F29*G29,0) -> 1831 | J29: =HYPERLINK("#"&"Insumos"&"!A"&MATCH($B29,[7]Insumos!$A:$A,0),"Ins "&$B29) -> Ins I795
A31: 003.013 | B31: - | C31: =VLOOKUP($A31,[7]Actividades!A:E,2,FALSE) -> SUMINISTRO, TRANSPORTE E INSTALACION PUNTO DESAGUE PVC 2" APARATOS SANITARIOS Y DESAGUES (INCLUYE CODO, YEE Y ACCESORIOS) | D31: =VLOOKUP($A31,[7]Actividades!A:E,3,FALSE) -> Actividad | E31: =VLOOKUP($A31,[7]Actividades!A:E,4,FALSE) -> UND | I31: 83038 | K31: =I31*1.3844 -> 114957.81
A32: 003.013 | B32: C9 | C32: =VLOOKUP($B32,[7]Insumos!A:E,2,FALSE) -> CUADRILLA BB TIPO 2 (1 OFICIAL + 2 AYUDANTE) (Instalaciones) | D32: =VLOOKUP($B32,[7]Insumos!A:E,3,FALSE) -> Cuadrilla | E32: =VLOOKUP($B32,[7]Insumos!A:E,4,FALSE) -> HR | F32: 0.9 | G32: =+VLOOKUP(B32,[7]Insumos!$A$4:$F$5224,5,FALSE) -> 46886 | H32: =+ROUND(F32*G32,0) -> 42197 | J32: =HYPERLINK("#"&"Insumos"&"!A"&MATCH($B32,[7]Insumos!$A:$A,0),"Ins "&$B32) -> Ins C9
A33: 003.013 | B33: E12 | C33: =VLOOKUP($B33,[7]Insumos!A:E,2,FALSE) -> EQUIPO DE TRANSPORTE | D33: =VLOOKUP($B33,[7]Insumos!A:E,3,FALSE) -> Equipos | E33: =VLOOKUP($B33,[7]Insumos!A:E,4,FALSE) -> DIA | F33: 0.005 | G33: =+VLOOKUP(B33,[7]Insumos!$A$4:$F$5224,5,FALSE) -> 180217 | H33: =+ROUND(F33*G33,0) -> 901 | J33: =HYPERLINK("#"&"Insumos"&"!A"&MATCH($B33,[7]Insumos!$A:$A,0),"Ins "&$B33) -> Ins E12
A34: 003.013 | B34: H2 | C34: =VLOOKUP($B34,[7]Insumos!A:E,2,FALSE) -> EQUIPO BASICO (HERRAMIENTA MENOR) | D34: =VLOOKUP($B34,[7]Insumos!A:E,3,FALSE) -> Herramienta | E34: =VLOOKUP($B34,[7]Insumos!A:E,4,FALSE) -> UND | F34: 0.2 | G34: =+VLOOKUP(B34,[7]Insumos!$A$4:$F$5224,5,FALSE) -> 3484 | H34: =+ROUND(F34*G34,0) -> 697 | J34: =HYPERLINK("#"&"Insumos"&"!A"&MATCH($B34,[7]Insumos!$A:$A,0),"Ins "&$B34) -> Ins H2
A35: 003.013 | B35: I1565 | C35: =VLOOKUP($B35,[7]Insumos!A:E,2,FALSE) -> ACARREO INTERNO | D35: =VLOOKUP($B35,[7]Insumos!A:E,3,FALSE) -> Insumos | E35: =VLOOKUP($B35,[7]Insumos!A:E,4,FALSE) -> UND | F35: 1 | G35: =+VLOOKUP(B35,[7]Insumos!$A$4:$F$5224,5,FALSE) -> 1824 | H35: =+ROUND(F35*G35,0) -> 1824 | J35: =HYPERLINK("#"&"Insumos"&"!A"&MATCH($B35,[7]Insumos!$A:$A,0),"Ins "&$B35) -> Ins I1565
A36: 003.013 | B36: I574 | C36: =VLOOKUP($B36,[7]Insumos!A:E,2,FALSE) -> CODO 90° 1/4 CXC SANITARIO 2'' | D36: =VLOOKUP($B36,[7]Insumos!A:E,3,FALSE) -> Insumos | E36: =VLOOKUP($B36,[7]Insumos!A:E,4,FALSE) -> UND | F36: 1 | G36: =+VLOOKUP(B36,[7]Insumos!$A$4:$F$5224,5,FALSE) -> 4877 | H36: =+ROUND(F36*G36,0) -> 4877 | J36: =HYPERLINK("#"&"Insumos"&"!A"&MATCH($B36,[7]Insumos!$A:$A,0),"Ins "&$B36) -> Ins I574
A37: 003.013 | B37: I614 | C37: =VLOOKUP($B37,[7]Insumos!A:E,2,FALSE) -> LIMPIADOR REM PVC 760 GRMS. (1/4) | D37: =VLOOKUP($B37,[7]Insumos!A:E,3,FALSE) -> Insumos | E37: =VLOOKUP($B37,[7]Insumos!A:E,4,FALSE) -> UND | F37: 0.05 | G37: =+VLOOKUP(B37,[7]Insumos!$A$4:$F$5224,5,FALSE) -> 62393 | H37: =+ROUND(F37*G37,0) -> 3120 | J37: =HYPERLINK("#"&"Insumos"&"!A"&MATCH($B37,[7]Insumos!$A:$A,0),"Ins "&$B37) -> Ins I614
A38: 003.013 | B38: I647 | C38: =VLOOKUP($B38,[7]Insumos!A:E,2,FALSE) -> SOLDADURA PVC LIQUIDA 1/4 | D38: =VLOOKUP($B38,[7]Insumos!A:E,3,FALSE) -> Insumos | E38: =VLOOKUP($B38,[7]Insumos!A:E,4,FALSE) -> UND | F38: 0.05 | G38: =+VLOOKUP(B38,[7]Insumos!$A$4:$F$5224,5,FALSE) -> 129335 | H38: =+ROUND(F38*G38,0) -> 6467 | J38: =HYPERLINK("#"&"Insumos"&"!A"&MATCH($B38,[7]Insumos!$A:$A,0),"Ins "&$B38) -> Ins I647
A39: 003.013 | B39: I752 | C39: =VLOOKUP($B39,[7]Insumos!A:E,2,FALSE) -> TUBO PVC SANITARIO 2'' | D39: =VLOOKUP($B39,[7]Insumos!A:E,3,FALSE) -> Insumos | E39: =VLOOKUP($B39,[7]Insumos!A:E,4,FALSE) -> M | F39: 1.55 | G39: =+VLOOKUP(B39,[7]Insumos!$A$4:$F$5224,5,FALSE) -> 8484 | H39: =+ROUND(F39*G39,0) -> 13150 | J39: =HYPERLINK("#"&"Insumos"&"!A"&MATCH($B39,[7]Insumos!$A:$A,0),"Ins "&$B39) -> Ins I752
A40: 003.013 | B40: I825 | C40: =VLOOKUP($B40,[7]Insumos!A:E,2,FALSE) -> YEE SANITARIA 2'' | D40: =VLOOKUP($B40,[7]Insumos!A:E,3,FALSE) -> Insumos | E40: =VLOOKUP($B40,[7]Insumos!A:E,4,FALSE) -> UND | F40: 1 | G40: =+VLOOKUP(B40,[7]Insumos!$A$4:$F$5224,5,FALSE) -> 9805 | H40: =+ROUND(F40*G40,0) -> 9805 | J40: =HYPERLINK("#"&"Insumos"&"!A"&MATCH($B40,[7]Insumos!$A:$A,0),"Ins "&$B40) -> Ins I825
A41: 003.014 | B41: - | C41: =VLOOKUP($A41,[7]Actividades!A:E,2,FALSE) -> SUMINISTRO, TRANSPORTE E INSTALACION PUNTO DESAGUE PVC 3" APARATOS SANITARIOS Y DESAGUES (INCLUYE CODO, YEE Y ACCESORIOS) | D41: =VLOOKUP($A41,[7]Actividades!A:E,3,FALSE) -> Actividad | E41: =VLOOKUP($A41,[7]Actividades!A:E,4,FALSE) -> UND | I41: 104811 | K41: =I41*1.3844 -> 145100.35
A42: 003.014 | B42: C9 | C42: =VLOOKUP($B42,[7]Insumos!A:E,2,FALSE) -> CUADRILLA BB TIPO 2 (1 OFICIAL + 2 AYUDANTE) (Instalaciones) | D42: =VLOOKUP($B42,[7]Insumos!A:E,3,FALSE) -> Cuadrilla | E42: =VLOOKUP($B42,[7]Insumos!A:E,4,FALSE) -> HR | F42: 0.9 | G42: =+VLOOKUP(B42,[7]Insumos!$A$4:$F$5224,5,FALSE) -> 46886 | H42: =+ROUND(F42*G42,0) -> 42197 | J42: =HYPERLINK("#"&"Insumos"&"!A"&MATCH($B42,[7]Insumos!$A:$A,0),"Ins "&$B42) -> Ins C9
A43: 003.014 | B43: E12 | C43: =VLOOKUP($B43,[7]Insumos!A:E,2,FALSE) -> EQUIPO DE TRANSPORTE | D43: =VLOOKUP($B43,[7]Insumos!A:E,3,FALSE) -> Equipos | E43: =VLOOKUP($B43,[7]Insumos!A:E,4,FALSE) -> DIA | F43: 0.008 | G43: =+VLOOKUP(B43,[7]Insumos!$A$4:$F$5224,5,FALSE) -> 180217 | H43: =+ROUND(F43*G43,0) -> 1442 | J43: =HYPERLINK("#"&"Insumos"&"!A"&MATCH($B43,[7]Insumos!$A:$A,0),"Ins "&$B43) -> Ins E12
A44: 003.014 | B44: H2 | C44: =VLOOKUP($B44,[7]Insumos!A:E,2,FALSE) -> EQUIPO BASICO (HERRAMIENTA MENOR) | D44: =VLOOKUP($B44,[7]Insumos!A:E,3,FALSE) -> Herramienta | E44: =VLOOKUP($B44,[7]Insumos!A:E,4,FALSE) -> UND | F44: 0.2 | G44: =+VLOOKUP(B44,[7]Insumos!$A$4:$F$5224,5,FALSE) -> 3484 | H44: =+ROUND(F44*G44,0) -> 697 | J44: =HYPERLINK("#"&"Insumos"&"!A"&MATCH($B44,[7]Insumos!$A:$A,0),"Ins "&$B44) -> Ins H2
A45: 003.014 | B45: I1565 | C45: =VLOOKUP($B45,[7]Insumos!A:E,2,FALSE) -> ACARREO INTERNO | D45: =VLOOKUP($B45,[7]Insumos!A:E,3,FALSE) -> Insumos | E45: =VLOOKUP($B45,[7]Insumos!A:E,4,FALSE) -> UND | F45: 0.2 | G45: =+VLOOKUP(B45,[7]Insumos!$A$4:$F$5224,5,FALSE) -> 1824 | H45: =+ROUND(F45*G45,0) -> 365 | J45: =HYPERLINK("#"&"Insumos"&"!A"&MATCH($B45,[7]Insumos!$A:$A,0),"Ins "&$B45) -> Ins I1565
A46: 003.014 | B46: I575 | C46: =VLOOKUP($B46,[7]Insumos!A:E,2,FALSE) -> CODO 90° 1/4 CXC SANITARIO 3'' | D46: =VLOOKUP($B46,[7]Insumos!A:E,3,FALSE) -> Insumos | E46: =VLOOKUP($B46,[7]Insumos!A:E,4,FALSE) -> UND | F46: 1 | G46: =+VLOOKUP(B46,[7]Insumos!$A$4:$F$5224,5,FALSE) -> 11297 | H46: =+ROUND(F46*G46,0) -> 11297 | J46: =HYPERLINK("#"&"Insumos"&"!A"&MATCH($B46,[7]Insumos!$A:$A,0),"Ins "&$B46) -> Ins I575
A47: 003.014 | B47: I614 | C47: =VLOOKUP($B47,[7]Insumos!A:E,2,FALSE) -> LIMPIADOR REM PVC 760 GRMS. (1/4) | D47: =VLOOKUP($B47,[7]Insumos!A:E,3,FALSE) -> Insumos | E47: =VLOOKUP($B47,[7]Insumos!A:E,4,FALSE) -> UND | F47: 0.05 | G47: =+VLOOKUP(B47,[7]Insumos!$A$4:$F$5224,5,FALSE) -> 62393 | H47: =+ROUND(F47*G47,0) -> 3120 | J47: =HYPERLINK("#"&"Insumos"&"!A"&MATCH($B47,[7]Insumos!$A:$A,0),"Ins "&$B47) -> Ins I614
A48: 003.014 | B48: I647 | C48: =VLOOKUP($B48,[7]Insumos!A:E,2,FALSE) -> SOLDADURA PVC LIQUIDA 1/4 | D48: =VLOOKUP($B48,[7]Insumos!A:E,3,FALSE) -> Insumos | E48: =VLOOKUP($B48,[7]Insumos!A:E,4,FALSE) -> UND | F48: 0.05 | G48: =+VLOOKUP(B48,[7]Insumos!$A$4:$F$5224,5,FALSE) -> 129335 | H48: =+ROUND(F48*G48,0) -> 6467 | J48: =HYPERLINK("#"&"Insumos"&"!A"&MATCH($B48,[7]Insumos!$A:$A,0),"Ins "&$B48) -> Ins I647
A49: 003.014 | B49: I753 | C49: =VLOOKUP($B49,[7]Insumos!A:E,2,FALSE) -> TUBO PVC SANITARIO 3" | D49: =VLOOKUP($B49,[7]Insumos!A:E,3,FALSE) -> Insumos | E49: =VLOOKUP($B49,[7]Insumos!A:E,4,FALSE) -> M | F49: 1.55 | G49: =+VLOOKUP(B49,[7]Insumos!$A$4:$F$5224,5,FALSE) -> 12317 | H49: =+ROUND(F49*G49,0) -> 19091 | J49: =HYPERLINK("#"&"Insumos"&"!A"&MATCH($B49,[7]Insumos!$A:$A,0),"Ins "&$B49) -> Ins I753
A50: 003.014 | B50: I826 | C50: =VLOOKUP($B50,[7]Insumos!A:E,2,FALSE) -> YEE SANITARIA 3'' | D50: =VLOOKUP($B50,[7]Insumos!A:E,3,FALSE) -> Insumos | E50: =VLOOKUP($B50,[7]Insumos!A:E,4,FALSE) -> UND | F50: 1 | G50: =+VLOOKUP(B50,[7]Insumos!$A$4:$F$5224,5,FALSE) -> 20135 | H50: =+ROUND(F50*G50,0) -> 20135 | J50: =HYPERLINK("#"&"Insumos"&"!A"&MATCH($B50,[7]Insumos!$A:$A,0),"Ins "&$B50) -> Ins I826
A51: 003.015 | B51: - | C51: =VLOOKUP($A51,[7]Actividades!A:E,2,FALSE) -> SUMINISTRO, TRANSPORTE E INSTALACION PUNTO DESAGUE PVC 4" APARATOS SANITARIOS (INCLUYE CODO, YEE Y ACCESORIOS) | D51: =VLOOKUP($A51,[7]Actividades!A:E,3,FALSE) -> Actividad | E51: =VLOOKUP($A51,[7]Actividades!A:E,4,FALSE) -> UND | I51: 139123 | K51: =I51*1.3844 -> 192601.88
A52: 003.015 | B52: C9 | C52: =VLOOKUP($B52,[7]Insumos!A:E,2,FALSE) -> CUADRILLA BB TIPO 2 (1 OFICIAL + 2 AYUDANTE) (Instalaciones) | D52: =VLOOKUP($B52,[7]Insumos!A:E,3,FALSE) -> Cuadrilla | E52: =VLOOKUP($B52,[7]Insumos!A:E,4,FALSE) -> HR | F52: 0.9 | G52: =+VLOOKUP(B52,[7]Insumos!$A$4:$F$5224,5,FALSE) -> 46886 | H52: =+ROUND(F52*G52,0) -> 42197 | J52: =HYPERLINK("#"&"Insumos"&"!A"&MATCH($B52,[7]Insumos!$A:$A,0),"Ins "&$B52) -> Ins C9
A53: 003.015 | B53: E12 | C53: =VLOOKUP($B53,[7]Insumos!A:E,2,FALSE) -> EQUIPO DE TRANSPORTE | D53: =VLOOKUP($B53,[7]Insumos!A:E,3,FALSE) -> Equipos | E53: =VLOOKUP($B53,[7]Insumos!A:E,4,FALSE) -> DIA | F53: 0.013 | G53: =+VLOOKUP(B53,[7]Insumos!$A$4:$F$5224,5,FALSE) -> 180217 | H53: =+ROUND(F53*G53,0) -> 2343 | J53: =HYPERLINK("#"&"Insumos"&"!A"&MATCH($B53,[7]Insumos!$A:$A,0),"Ins "&$B53) -> Ins E12
A54: 003.015 | B54: H2 | C54: =VLOOKUP($B54,[7]Insumos!A:E,2,FALSE) -> EQUIPO BASICO (HERRAMIENTA MENOR) | D54: =VLOOKUP($B54,[7]Insumos!A:E,3,FALSE) -> Herramienta | E54: =VLOOKUP($B54,[7]Insumos!A:E,4,FALSE) -> UND | F54: 0.2 | G54: =+VLOOKUP(B54,[7]Insumos!$A$4:$F$5224,5,FALSE) -> 3484 | H54: =+ROUND(F54*G54,0) -> 697 | J54: =HYPERLINK("#"&"Insumos"&"!A"&MATCH($B54,[7]Insumos!$A:$A,0),"Ins "&$B54) -> Ins H2
A55: 003.015 | B55: I1565 | C55: =VLOOKUP($B55,[7]Insumos!A:E,2,FALSE) -> ACARREO INTERNO | D55: =VLOOKUP($B55,[7]Insumos!A:E,3,FALSE) -> Insumos | E55: =VLOOKUP($B55,[7]Insumos!A:E,4,FALSE) -> UND | F55: 0.2 | G55: =+VLOOKUP(B55,[7]Insumos!$A$4:$F$5224,5,FALSE) -> 1824 | H55: =+ROUND(F55*G55,0) -> 365 | J55: =HYPERLINK("#"&"Insumos"&"!A"&MATCH($B55,[7]Insumos!$A:$A,0),"Ins "&$B55) -> Ins I1565
A56: 003.015 | B56: I576 | C56: =VLOOKUP($B56,[7]Insumos!A:E,2,FALSE) -> CODO 90° 1/4 CXC SANITARIO 4'' | D56: =VLOOKUP($B56,[7]Insumos!A:E,3,FALSE) -> Insumos | E56: =VLOOKUP($B56,[7]Insumos!A:E,4,FALSE) -> UND | F56: 1 | G56: =+VLOOKUP(B56,[7]Insumos!$A$4:$F$5224,5,FALSE) -> 19645 | H56: =+ROUND(F56*G56,0) -> 19645 | J56: =HYPERLINK("#"&"Insumos"&"!A"&MATCH($B56,[7]Insumos!$A:$A,0),"Ins "&$B56) -> Ins I576
A57: 003.015 | B57: I614 | C57: =VLOOKUP($B57,[7]Insumos!A:E,2,FALSE) -> LIMPIADOR REM PVC 760 GRMS. (1/4) | D57: =VLOOKUP($B57,[7]Insumos!A:E,3,FALSE) -> Insumos | E57: =VLOOKUP($B57,[7]Insumos!A:E,4,FALSE) -> UND | F57: 0.08 | G57: =+VLOOKUP(B57,[7]Insumos!$A$4:$F$5224,5,FALSE) -> 62393 | H57: =+ROUND(F57*G57,0) -> 4991 | J57: =HYPERLINK("#"&"Insumos"&"!A"&MATCH($B57,[7]Insumos!$A:$A,0),"Ins "&$B57) -> Ins I614
A58: 003.015 | B58: I647 | C58: =VLOOKUP($B58,[7]Insumos!A:E,2,FALSE) -> SOLDADURA PVC LIQUIDA 1/4 | D58: =VLOOKUP($B58,[7]Insumos!A:E,3,FALSE) -> Insumos | E58: =VLOOKUP($B58,[7]Insumos!A:E,4,FALSE) -> UND | F58: 0.08 | G58: =+VLOOKUP(B58,[7]Insumos!$A$4:$F$5224,5,FALSE) -> 129335 | H58: =+ROUND(F58*G58,0) -> 10347 | J58: =HYPERLINK("#"&"Insumos"&"!A"&MATCH($B58,[7]Insumos!$A:$A,0),"Ins "&$B58) -> Ins I647
A59: 003.015 | B59: I754 | C59: =VLOOKUP($B59,[7]Insumos!A:E,2,FALSE) -> TUBO PVC SANITARIO 4" | D59: =VLOOKUP($B59,[7]Insumos!A:E,3,FALSE) -> Insumos | E59: =VLOOKUP($B59,[7]Insumos!A:E,4,FALSE) -> M | F59: 1.55 | G59: =+VLOOKUP(B59,[7]Insumos!$A$4:$F$5224,5,FALSE) -> 15367 | H59: =+ROUND(F59*G59,0) -> 23819 | J59: =HYPERLINK("#"&"Insumos"&"!A"&MATCH($B59,[7]Insumos!$A:$A,0),"Ins "&$B59) -> Ins I754
A60: 003.015 | B60: I827 | C60: =VLOOKUP($B60,[7]Insumos!A:E,2,FALSE) -> YEE SANITARIA 4'' | D60: =VLOOKUP($B60,[7]Insumos!A:E,3,FALSE) -> Insumos | E60: =VLOOKUP($B60,[7]Insumos!A:E,4,FALSE) -> UND | F60: 1 | G60: =+VLOOKUP(B60,[7]Insumos!$A$4:$F$5224,5,FALSE) -> 34719 | H60: =+ROUND(F60*G60,0) -> 34719 | J60: =HYPERLINK("#"&"Insumos"&"!A"&MATCH($B60,[7]Insumos!$A:$A,0),"Ins "&$B60) -> Ins I827
A62: 003.027 | B62: - | C62: =VLOOKUP($A62,[7]Actividades!A:E,2,FALSE) -> SUMINISTRO, TRANSPORTE E INSTALACION TUBERIA PVC-S 2" (RED SANITARIA, INCLUYE ACCESORIOS) | D62: =VLOOKUP($A62,[7]Actividades!A:E,3,FALSE) -> Actividad | E62: =VLOOKUP($A62,[7]Actividades!A:E,4,FALSE) -> ML | I62: 21285 | K62: =I62*1.3844 -> 29466.954
A63: 003.027 | B63: C16 | C63: =VLOOKUP($B63,[7]Insumos!A:E,2,FALSE) -> CUADRILLA BB TIPO 3 (1 OFICIAL + 3 AYUDANTE) (Instalaciones) | D63: =VLOOKUP($B63,[7]Insumos!A:E,3,FALSE) -> Cuadrilla | E63: =VLOOKUP($B63,[7]Insumos!A:E,4,FALSE) -> HR | F63: 0.117 | G63: =+VLOOKUP(B63,[7]Insumos!$A$4:$F$5224,5,FALSE) -> 59910 | H63: =+ROUND(F63*G63,0) -> 7009 | J63: =HYPERLINK("#"&"Insumos"&"!A"&MATCH($B63,[7]Insumos!$A:$A,0),"Ins "&$B63) -> Ins C16
A64: 003.027 | B64: E12 | C64: =VLOOKUP($B64,[7]Insumos!A:E,2,FALSE) -> EQUIPO DE TRANSPORTE | D64: =VLOOKUP($B64,[7]Insumos!A:E,3,FALSE) -> Equipos | E64: =VLOOKUP($B64,[7]Insumos!A:E,4,FALSE) -> DIA | F64: 0.002 | G64: =+VLOOKUP(B64,[7]Insumos!$A$4:$F$5224,5,FALSE) -> 180217 | H64: =+ROUND(F64*G64,0) -> 360 | J64: =HYPERLINK("#"&"Insumos"&"!A"&MATCH($B64,[7]Insumos!$A:$A,0),"Ins "&$B64) -> Ins E12
A65: 003.027 | B65: H2 | C65: =VLOOKUP($B65,[7]Insumos!A:E,2,FALSE) -> EQUIPO BASICO (HERRAMIENTA MENOR) | D65: =VLOOKUP($B65,[7]Insumos!A:E,3,FALSE) -> Herramienta | E65: =VLOOKUP($B65,[7]Insumos!A:E,4,FALSE) -> UND | F65: 0.1 | G65: =+VLOOKUP(B65,[7]Insumos!$A$4:$F$5224,5,FALSE) -> 3484 | H65: =+ROUND(F65*G65,0) -> 348 | J65: =HYPERLINK("#"&"Insumos"&"!A"&MATCH($B65,[7]Insumos!$A:$A,0),"Ins "&$B65) -> Ins H2
A66: 003.027 | B66: I1565 | C66: =VLOOKUP($B66,[7]Insumos!A:E,2,FALSE) -> ACARREO INTERNO | D66: =VLOOKUP($B66,[7]Insumos!A:E,3,FALSE) -> Insumos | E66: =VLOOKUP($B66,[7]Insumos!A:E,4,FALSE) -> UND | F66: 0.2 | G66: =+VLOOKUP(B66,[7]Insumos!$A$4:$F$5224,5,FALSE) -> 1824 | H66: =+ROUND(F66*G66,0) -> 365 | J66: =HYPERLINK("#"&"Insumos"&"!A"&MATCH($B66,[7]Insumos!$A:$A,0),"Ins "&$B66) -> Ins I1565
A67: 003.027 | B67: I614 | C67: =VLOOKUP($B67,[7]Insumos!A:E,2,FALSE) -> LIMPIADOR REM PVC 760 GRMS. (1/4) | D67: =VLOOKUP($B67,[7]Insumos!A:E,3,FALSE) -> Insumos | E67: =VLOOKUP($B67,[7]Insumos!A:E,4,FALSE) -> UND | F67: 0.02 | G67: =+VLOOKUP(B67,[7]Insumos!$A$4:$F$5224,5,FALSE) -> 62393 | H67: =+ROUND(F67*G67,0) -> 1248 | J67: =HYPERLINK("#"&"Insumos"&"!A"&MATCH($B67,[7]Insumos!$A:$A,0),"Ins "&$B67) -> Ins I614
A68: 003.027 | B68: I647 | C68: =VLOOKUP($B68,[7]Insumos!A:E,2,FALSE) -> SOLDADURA PVC LIQUIDA 1/4 | D68: =VLOOKUP($B68,[7]Insumos!A:E,3,FALSE) -> Insumos | E68: =VLOOKUP($B68,[7]Insumos!A:E,4,FALSE) -> UND | F68: 0.02 | G68: =+VLOOKUP(B68,[7]Insumos!$A$4:$F$5224,5,FALSE) -> 129335 | H68: =+ROUND(F68*G68,0) -> 2587 | J68: =HYPERLINK("#"&"Insumos"&"!A"&MATCH($B68,[7]Insumos!$A:$A,0),"Ins "&$B68) -> Ins I647
A69: 003.027 | B69: I752 | C69: =VLOOKUP($B69,[7]Insumos!A:E,2,FALSE) -> TUBO PVC SANITARIO 2'' | D69: =VLOOKUP($B69,[7]Insumos!A:E,3,FALSE) -> Insumos | E69: =VLOOKUP($B69,[7]Insumos!A:E,4,FALSE) -> M | F69: 1.03 | G69: =+VLOOKUP(B69,[7]Insumos!$A$4:$F$5224,5,FALSE) -> 8484 | H69: =+ROUND(F69*G69,0) -> 8739 | J69: =HYPERLINK("#"&"Insumos"&"!A"&MATCH($B69,[7]Insumos!$A:$A,0),"Ins "&$B69) -> Ins I752
A70: 003.027 | B70: I793 | C70: =VLOOKUP($B70,[7]Insumos!A:E,2,FALSE) -> UNION SANITARIA 2'' PVC | D70: =VLOOKUP($B70,[7]Insumos!A:E,3,FALSE) -> Insumos | E70: =VLOOKUP($B70,[7]Insumos!A:E,4,FALSE) -> UND | F70: 0.16 | G70: =+VLOOKUP(B70,[7]Insumos!$A$4:$F$5224,5,FALSE) -> 3934 | H70: =+ROUND(F70*G70,0) -> 629 | J70: =HYPERLINK("#"&"Insumos"&"!A"&MATCH($B70,[7]Insumos!$A:$A,0),"Ins "&$B70) -> Ins I793
A72: 003.029 | B72: - | C72: =VLOOKUP($A72,[7]Actividades!A:E,2,FALSE) -> SUMINISTRO, TRANSPORTE E INSTALACION TUBERIA PVC-S 4" (RED SANITARIA, INCLUYE ACCESORIOS) | D72: =VLOOKUP($A72,[7]Actividades!A:E,3,FALSE) -> Actividad | E72: =VLOOKUP($A72,[7]Actividades!A:E,4,FALSE) -> ML | I72: 33532 | K72: =I72*1.3844 -> 46421.701
A73: 003.029 | B73: C16 | C73: =VLOOKUP($B73,[7]Insumos!A:E,2,FALSE) -> CUADRILLA BB TIPO 3 (1 OFICIAL + 3 AYUDANTE) (Instalaciones) | D73: =VLOOKUP($B73,[7]Insumos!A:E,3,FALSE) -> Cuadrilla | E73: =VLOOKUP($B73,[7]Insumos!A:E,4,FALSE) -> HR | F73: 0.161 | G73: =+VLOOKUP(B73,[7]Insumos!$A$4:$F$5224,5,FALSE) -> 59910 | H73: =+ROUND(F73*G73,0) -> 9646 | J73: =HYPERLINK("#"&"Insumos"&"!A"&MATCH($B73,[7]Insumos!$A:$A,0),"Ins "&$B73) -> Ins C16
A74: 003.029 | B74: E12 | C74: =VLOOKUP($B74,[7]Insumos!A:E,2,FALSE) -> EQUIPO DE TRANSPORTE | D74: =VLOOKUP($B74,[7]Insumos!A:E,3,FALSE) -> Equipos | E74: =VLOOKUP($B74,[7]Insumos!A:E,4,FALSE) -> DIA | F74: 0.004 | G74: =+VLOOKUP(B74,[7]Insumos!$A$4:$F$5224,5,FALSE) -> 180217 | H74: =+ROUND(F74*G74,0) -> 721 | J74: =HYPERLINK("#"&"Insumos"&"!A"&MATCH($B74,[7]Insumos!$A:$A,0),"Ins "&$B74) -> Ins E12
A75: 003.029 | B75: H2 | C75: =VLOOKUP($B75,[7]Insumos!A:E,2,FALSE) -> EQUIPO BASICO (HERRAMIENTA MENOR) | D75: =VLOOKUP($B75,[7]Insumos!A:E,3,FALSE) -> Herramienta | E75: =VLOOKUP($B75,[7]Insumos!A:E,4,FALSE) -> UND | F75: 0.1 | G75: =+VLOOKUP(B75,[7]Insumos!$A$4:$F$5224,5,FALSE) -> 3484 | H75: =+ROUND(F75*G75,0) -> 348 | J75: =HYPERLINK("#"&"Insumos"&"!A"&MATCH($B75,[7]Insumos!$A:$A,0),"Ins "&$B75) -> Ins H2
A76: 003.029 | B76: I1565 | C76: =VLOOKUP($B76,[7]Insumos!A:E,2,FALSE) -> ACARREO INTERNO | D76: =VLOOKUP($B76,[7]Insumos!A:E,3,FALSE) -> Insumos | E76: =VLOOKUP($B76,[7]Insumos!A:E,4,FALSE) -> UND | F76: 0.2 | G76: =+VLOOKUP(B76,[7]Insumos!$A$4:$F$5224,5,FALSE) -> 1824 | H76: =+ROUND(F76*G76,0) -> 365 | J76: =HYPERLINK("#"&"Insumos"&"!A"&MATCH($B76,[7]Insumos!$A:$A,0),"Ins "&$B76) -> Ins I1565
A77: 003.029 | B77: I614 | C77: =VLOOKUP($B77,[7]Insumos!A:E,2,FALSE) -> LIMPIADOR REM PVC 760 GRMS. (1/4) | D77: =VLOOKUP($B77,[7]Insumos!A:E,3,FALSE) -> Insumos | E77: =VLOOKUP($B77,[7]Insumos!A:E,4,FALSE) -> UND | F77: 0.025 | G77: =+VLOOKUP(B77,[7]Insumos!$A$4:$F$5224,5,FALSE) -> 62393 | H77: =+ROUND(F77*G77,0) -> 1560 | J77: =HYPERLINK("#"&"Insumos"&"!A"&MATCH($B77,[7]Insumos!$A:$A,0),"Ins "&$B77) -> Ins I614
A78: 003.029 | B78: I647 | C78: =VLOOKUP($B78,[7]Insumos!A:E,2,FALSE) -> SOLDADURA PVC LIQUIDA 1/4 | D78: =VLOOKUP($B78,[7]Insumos!A:E,3,FALSE) -> Insumos | E78: =VLOOKUP($B78,[7]Insumos!A:E,4,FALSE) -> UND | F78: 0.025 | G78: =+VLOOKUP(B78,[7]Insumos!$A$4:$F$5224,5,FALSE) -> 129335 | H78: =+ROUND(F78*G78,0) -> 3233 | J78: =HYPERLINK("#"&"Insumos"&"!A"&MATCH($B78,[7]Insumos!$A:$A,0),"Ins "&$B78) -> Ins I647
A79: 003.029 | B79: I754 | C79: =VLOOKUP($B79,[7]Insumos!A:E,2,FALSE) -> TUBO PVC SANITARIO 4" | D79: =VLOOKUP($B79,[7]Insumos!A:E,3,FALSE) -> Insumos | E79: =VLOOKUP($B79,[7]Insumos!A:E,4,FALSE) -> M | F79: 1.03 | G79: =+VLOOKUP(B79,[7]Insumos!$A$4:$F$5224,5,FALSE) -> 15367 | H79: =+ROUND(F79*G79,0) -> 15828 | J79: =HYPERLINK("#"&"Insumos"&"!A"&MATCH($B79,[7]Insumos!$A:$A,0),"Ins "&$B79) -> Ins I754
A80: 003.029 | B80: I795 | C80: =VLOOKUP($B80,[7]Insumos!A:E,2,FALSE) -> UNION SANITARIA 4" PVC | D80: =VLOOKUP($B80,[7]Insumos!A:E,3,FALSE) -> Insumos | E80: =VLOOKUP($B80,[7]Insumos!A:E,4,FALSE) -> UND | F80: 0.16 | G80: =+VLOOKUP(B80,[7]Insumos!$A$4:$F$5224,5,FALSE) -> 11446 | H80: =+ROUND(F80*G80,0) -> 1831 | J80: =HYPERLINK("#"&"Insumos"&"!A"&MATCH($B80,[7]Insumos!$A:$A,0),"Ins "&$B80) -> Ins I795
A82: 003.033 | B82: - | C82: =VLOOKUP($A82,[7]Actividades!A:E,2,FALSE) -> SUMINISTRO, TRANSPORTE E INSTALACION TUBERIA PVC-S 4" (RED SANITARIA DESCOLGADA, INCLUYE ACCESORIOS) | D82: =VLOOKUP($A82,[7]Actividades!A:E,3,FALSE) -> Actividad | E82: =VLOOKUP($A82,[7]Actividades!A:E,4,FALSE) -> ML | I82: 40049 | K82: =I82*1.3844 -> 55443.836
A83: 003.033 | B83: C16 | C83: =VLOOKUP($B83,[7]Insumos!A:E,2,FALSE) -> CUADRILLA BB TIPO 3 (1 OFICIAL + 3 AYUDANTE) (Instalaciones) | D83: =VLOOKUP($B83,[7]Insumos!A:E,3,FALSE) -> Cuadrilla | E83: =VLOOKUP($B83,[7]Insumos!A:E,4,FALSE) -> HR | F83: 0.191 | G83: =+VLOOKUP(B83,[7]Insumos!$A$4:$F$5224,5,FALSE) -> 59910 | H83: =+ROUND(F83*G83,0) -> 11443 | J83: =HYPERLINK("#"&"Insumos"&"!A"&MATCH($B83,[7]Insumos!$A:$A,0),"Ins "&$B83) -> Ins C16
A84: 003.033 | B84: E1 | C84: =VLOOKUP($B84,[7]Insumos!A:E,2,FALSE) -> ANDAMIO METALICO CERTIFICADO, INCLUYE ESCALERILLA CON BARANDAS Y PLATAFORMAS DE TRABAJO H=2.0M | D84: =VLOOKUP($B84,[7]Insumos!A:E,3,FALSE) -> Equipos | E84: =VLOOKUP($B84,[7]Insumos!A:E,4,FALSE) -> Un-Dia | F84: 0.05 | G84: =+VLOOKUP(B84,[7]Insumos!$A$4:$F$5224,5,FALSE) -> 16636.2 | H84: =+ROUND(F84*G84,0) -> 832 | J84: =HYPERLINK("#"&"Insumos"&"!A"&MATCH($B84,[7]Insumos!$A:$A,0),"Ins "&$B84) -> Ins E1
A85: 003.033 | B85: E12 | C85: =VLOOKUP($B85,[7]Insumos!A:E,2,FALSE) -> EQUIPO DE TRANSPORTE | D85: =VLOOKUP($B85,[7]Insumos!A:E,3,FALSE) -> Equipos | E85: =VLOOKUP($B85,[7]Insumos!A:E,4,FALSE) -> DIA | F85: 0.005 | G85: =+VLOOKUP(B85,[7]Insumos!$A$4:$F$5224,5,FALSE) -> 180217 | H85: =+ROUND(F85*G85,0) -> 901 | J85: =HYPERLINK("#"&"Insumos"&"!A"&MATCH($B85,[7]Insumos!$A:$A,0),"Ins "&$B85) -> Ins E12
A86: 003.033 | B86: H2 | C86: =VLOOKUP($B86,[7]Insumos!A:E,2,FALSE) -> EQUIPO BASICO (HERRAMIENTA MENOR) | D86: =VLOOKUP($B86,[7]Insumos!A:E,3,FALSE) -> Herramienta | E86: =VLOOKUP($B86,[7]Insumos!A:E,4,FALSE) -> UND | F86: 0.1 | G86: =+VLOOKUP(B86,[7]Insumos!$A$4:$F$5224,5,FALSE) -> 3484 | H86: =+ROUND(F86*G86,0) -> 348 | J86: =HYPERLINK("#"&"Insumos"&"!A"&MATCH($B86,[7]Insumos!$A:$A,0),"Ins "&$B86) -> Ins H2
A87: 003.033 | B87: I1565 | C87: =VLOOKUP($B87,[7]Insumos!A:E,2,FALSE) -> ACARREO INTERNO | D87: =VLOOKUP($B87,[7]Insumos!A:E,3,FALSE) -> Insumos | E87: =VLOOKUP($B87,[7]Insumos!A:E,4,FALSE) -> UND | F87: 0.4 | G87: =+VLOOKUP(B87,[7]Insumos!$A$4:$F$5224,5,FALSE) -> 1824 | H87: =+ROUND(F87*G87,0) -> 730 | J87: =HYPERLINK("#"&"Insumos"&"!A"&MATCH($B87,[7]Insumos!$A:$A,0),"Ins "&$B87) -> Ins I1565
A88: 003.033 | B88: I521 | C88: =VLOOKUP($B88,[7]Insumos!A:E,2,FALSE) -> ABRAZADERA EN ACERO | D88: =VLOOKUP($B88,[7]Insumos!A:E,3,FALSE) -> Insumos | E88: =VLOOKUP($B88,[7]Insumos!A:E,4,FALSE) -> UND | F88: 0.5 | G88: =+VLOOKUP(B88,[7]Insumos!$A$4:$F$5224,5,FALSE) -> 2849 | H88: =+ROUND(F88*G88,0) -> 1425 | J88: =HYPERLINK("#"&"Insumos"&"!A"&MATCH($B88,[7]Insumos!$A:$A,0),"Ins "&$B88) -> Ins I521
A89: 003.033 | B89: I614 | C89: =VLOOKUP($B89,[7]Insumos!A:E,2,FALSE) -> LIMPIADOR REM PVC 760 GRMS. (1/4) | D89: =VLOOKUP($B89,[7]Insumos!A:E,3,FALSE) -> Insumos | E89: =VLOOKUP($B89,[7]Insumos!A:E,4,FALSE) -> UND | F89: 0.035 | G89: =+VLOOKUP(B89,[7]Insumos!$A$4:$F$5224,5,FALSE) -> 62393 | H89: =+ROUND(F89*G89,0) -> 2184 | J89: =HYPERLINK("#"&"Insumos"&"!A"&MATCH($B89,[7]Insumos!$A:$A,0),"Ins "&$B89) -> Ins I614
A90: 003.033 | B90: I647 | C90: =VLOOKUP($B90,[7]Insumos!A:E,2,FALSE) -> SOLDADURA PVC LIQUIDA 1/4 | D90: =VLOOKUP($B90,[7]Insumos!A:E,3,FALSE) -> Insumos | E90: =VLOOKUP($B90,[7]Insumos!A:E,4,FALSE) -> UND | F90: 0.035 | G90: =+VLOOKUP(B90,[7]Insumos!$A$4:$F$5224,5,FALSE) -> 129335 | H90: =+ROUND(F90*G90,0) -> 4527 | J90: =HYPERLINK("#"&"Insumos"&"!A"&MATCH($B90,[7]Insumos!$A:$A,0),"Ins "&$B90) -> Ins I647
A91: 003.033 | B91: I754 | C91: =VLOOKUP($B91,[7]Insumos!A:E,2,FALSE) -> TUBO PVC SANITARIO 4" | D91: =VLOOKUP($B91,[7]Insumos!A:E,3,FALSE) -> Insumos | E91: =VLOOKUP($B91,[7]Insumos!A:E,4,FALSE) -> M | F91: 1.03 | G91: =+VLOOKUP(B91,[7]Insumos!$A$4:$F$5224,5,FALSE) -> 15367 | H91: =+ROUND(F91*G91,0) -> 15828 | J91: =HYPERLINK("#"&"Insumos"&"!A"&MATCH($B91,[7]Insumos!$A:$A,0),"Ins "&$B91) -> Ins I754
A92: 003.033 | B92: I795 | C92: =VLOOKUP($B92,[7]Insumos!A:E,2,FALSE) -> UNION SANITARIA 4" PVC | D92: =VLOOKUP($B92,[7]Insumos!A:E,3,FALSE) -> Insumos | E92: =VLOOKUP($B92,[7]Insumos!A:E,4,FALSE) -> UND | F92: 0.16 | G92: =+VLOOKUP(B92,[7]Insumos!$A$4:$F$5224,5,FALSE) -> 11446 | H92: =+ROUND(F92*G92,0) -> 1831 | J92: =HYPERLINK("#"&"Insumos"&"!A"&MATCH($B92,[7]Insumos!$A:$A,0),"Ins "&$B92) -> Ins I795
A94: 003.067 | B94: - | C94: =VLOOKUP($A94,[7]Actividades!A:E,2,FALSE) -> SUMINISTRO, TRANSPORTE E INSTALACION REJILLA ALUMINIO 3" X 2" CON SOSCO ANTICUCARACHAS - REF. TA-3"X2" | D94: =VLOOKUP($A94,[7]Actividades!A:E,3,FALSE) -> Actividad | E94: =VLOOKUP($A94,[7]Actividades!A:E,4,FALSE) -> UND | I94: 21496 | K94: =I94*1.3844 -> 29759.062
A95: 003.067 | B95: C1 | C95: =VLOOKUP($B95,[7]Insumos!A:E,2,FALSE) -> CUADRILLA AA TIPO 1 (1 OFICIAL + 1 AYUDANTE) (Albañileria) | D95: =VLOOKUP($B95,[7]Insumos!A:E,3,FALSE) -> Cuadrilla | E95: =VLOOKUP($B95,[7]Insumos!A:E,4,FALSE) -> HR | F95: 0.15 | G95: =+VLOOKUP(B95,[7]Insumos!$A$4:$F$5224,5,FALSE) -> 30782 | H95: =+ROUND(F95*G95,0) -> 4617 | J95: =HYPERLINK("#"&"Insumos"&"!A"&MATCH($B95,[7]Insumos!$A:$A,0),"Ins "&$B95) -> Ins C1
A96: 003.067 | B96: E12 | C96: =VLOOKUP($B96,[7]Insumos!A:E,2,FALSE) -> EQUIPO DE TRANSPORTE | D96: =VLOOKUP($B96,[7]Insumos!A:E,3,FALSE) -> Equipos | E96: =VLOOKUP($B96,[7]Insumos!A:E,4,FALSE) -> DIA | F96: 0.001 | G96: =+VLOOKUP(B96,[7]Insumos!$A$4:$F$5224,5,FALSE) -> 180217 | H96: =+ROUND(F96*G96,0) -> 180 | J96: =HYPERLINK("#"&"Insumos"&"!A"&MATCH($B96,[7]Insumos!$A:$A,0),"Ins "&$B96) -> Ins E12
A97: 003.067 | B97: H2 | C97: =VLOOKUP($B97,[7]Insumos!A:E,2,FALSE) -> EQUIPO BASICO (HERRAMIENTA MENOR) | D97: =VLOOKUP($B97,[7]Insumos!A:E,3,FALSE) -> Herramienta | E97: =VLOOKUP($B97,[7]Insumos!A:E,4,FALSE) -> UND | F97: 0.02 | G97: =+VLOOKUP(B97,[7]Insumos!$A$4:$F$5224,5,FALSE) -> 3484 | H97: =+ROUND(F97*G97,0) -> 70 | J97: =HYPERLINK("#"&"Insumos"&"!A"&MATCH($B97,[7]Insumos!$A:$A,0),"Ins "&$B97) -> Ins H2
A98: 003.067 | B98: I1565 | C98: =VLOOKUP($B98,[7]Insumos!A:E,2,FALSE) -> ACARREO INTERNO | D98: =VLOOKUP($B98,[7]Insumos!A:E,3,FALSE) -> Insumos | E98: =VLOOKUP($B98,[7]Insumos!A:E,4,FALSE) -> UND | F98: 0.3 | G98: =+VLOOKUP(B98,[7]Insumos!$A$4:$F$5224,5,FALSE) -> 1824 | H98: =+ROUND(F98*G98,0) -> 547 | J98: =HYPERLINK("#"&"Insumos"&"!A"&MATCH($B98,[7]Insumos!$A:$A,0),"Ins "&$B98) -> Ins I1565
A99: 003.067 | B99: I404 | C99: =VLOOKUP($B99,[7]Insumos!A:E,2,FALSE) -> CEMENTO BLANCO | D99: =VLOOKUP($B99,[7]Insumos!A:E,3,FALSE) -> Insumos | E99: =VLOOKUP($B99,[7]Insumos!A:E,4,FALSE) -> KG | F99: 0.1 | G99: =+VLOOKUP(B99,[7]Insumos!$A$4:$F$5224,5,FALSE) -> 1823 | H99: =+ROUND(F99*G99,0) -> 182 | J99: =HYPERLINK("#"&"Insumos"&"!A"&MATCH($B99,[7]Insumos!$A:$A,0),"Ins "&$B99) -> Ins I404
A100: 003.067 | B100: I631 | C100: =VLOOKUP($B100,[7]Insumos!A:E,2,FALSE) -> REJILLA ALUMINIO 3" X 2" CON SOSCO ANTICUCARACHAS - REF. TA-3"X2" ALUMINIO | D100: =VLOOKUP($B100,[7]Insumos!A:E,3,FALSE) -> Insumos | E100: =VLOOKUP($B100,[7]Insumos!A:E,4,FALSE) -> UND | F100: 1 | G100: =+VLOOKUP(B100,[7]Insumos!$A$4:$F$5224,5,FALSE) -> 15900 | H100: =+ROUND(F100*G100,0) -> 15900 | J100: =HYPERLINK("#"&"Insumos"&"!A"&MATCH($B100,[7]Insumos!$A:$A,0),"Ins "&$B100) -> Ins I631
A102: 003.103 | B102: - | C102: =VLOOKUP($A102,[7]Actividades!A:E,2,FALSE) -> SUMINISTRO, TRANSPORTE E INSTALACIÓN SIFÓN PVC-S 2" | D102: =VLOOKUP($A102,[7]Actividades!A:E,3,FALSE) -> Actividad | E102: =VLOOKUP($A102,[7]Actividades!A:E,4,FALSE) -> UND | I102: 93846 | K102: =I102*1.3844 -> 129920.4
A103: 003.103 | B103: C9 | C103: =VLOOKUP($B103,[7]Insumos!A:E,2,FALSE) -> CUADRILLA BB TIPO 2 (1 OFICIAL + 2 AYUDANTE) (Instalaciones) | D103: =VLOOKUP($B103,[7]Insumos!A:E,3,FALSE) -> Cuadrilla | E103: =VLOOKUP($B103,[7]Insumos!A:E,4,FALSE) -> HR | F103: 1.35 | G103: =+VLOOKUP(B103,[7]Insumos!$A$4:$F$5224,5,FALSE) -> 46886 | H103: =+ROUND(F103*G103,0) -> 63296 | J103: =HYPERLINK("#"&"Insumos"&"!A"&MATCH($B103,[7]Insumos!$A:$A,0),"Ins "&$B103) -> Ins C9
A104: 003.103 | B104: E12 | C104: =VLOOKUP($B104,[7]Insumos!A:E,2,FALSE) -> EQUIPO DE TRANSPORTE | D104: =VLOOKUP($B104,[7]Insumos!A:E,3,FALSE) -> Equipos | E104: =VLOOKUP($B104,[7]Insumos!A:E,4,FALSE) -> DIA | F104: 0.005 | G104: =+VLOOKUP(B104,[7]Insumos!$A$4:$F$5224,5,FALSE) -> 180217 | H104: =+ROUND(F104*G104,0) -> 901 | J104: =HYPERLINK("#"&"Insumos"&"!A"&MATCH($B104,[7]Insumos!$A:$A,0),"Ins "&$B104) -> Ins E12
A105: 003.103 | B105: H2 | C105: =VLOOKUP($B105,[7]Insumos!A:E,2,FALSE) -> EQUIPO BASICO (HERRAMIENTA MENOR) | D105: =VLOOKUP($B105,[7]Insumos!A:E,3,FALSE) -> Herramienta | E105: =VLOOKUP($B105,[7]Insumos!A:E,4,FALSE) -> UND | F105: 0.2 | G105: =+VLOOKUP(B105,[7]Insumos!$A$4:$F$5224,5,FALSE) -> 3484 | H105: =+ROUND(F105*G105,0) -> 697 | J105: =HYPERLINK("#"&"Insumos"&"!A"&MATCH($B105,[7]Insumos!$A:$A,0),"Ins "&$B105) -> Ins H2
A106: 003.103 | B106: I1565 | C106: =VLOOKUP($B106,[7]Insumos!A:E,2,FALSE) -> ACARREO INTERNO | D106: =VLOOKUP($B106,[7]Insumos!A:E,3,FALSE) -> Insumos | E106: =VLOOKUP($B106,[7]Insumos!A:E,4,FALSE) -> UND | F106: 2.4 | G106: =+VLOOKUP(B106,[7]Insumos!$A$4:$F$5224,5,FALSE) -> 1824 | H106: =+ROUND(F106*G106,0) -> 4378 | J106: =HYPERLINK("#"&"Insumos"&"!A"&MATCH($B106,[7]Insumos!$A:$A,0),"Ins "&$B106) -> Ins I1565
A107: 003.103 | B107: I614 | C107: =VLOOKUP($B107,[7]Insumos!A:E,2,FALSE) -> LIMPIADOR REM PVC 760 GRMS. (1/4) | D107: =VLOOKUP($B107,[7]Insumos!A:E,3,FALSE) -> Insumos | E107: =VLOOKUP($B107,[7]Insumos!A:E,4,FALSE) -> UND | F107: 0.05 | G107: =+VLOOKUP(B107,[7]Insumos!$A$4:$F$5224,5,FALSE) -> 62393 | H107: =+ROUND(F107*G107,0) -> 3120 | J107: =HYPERLINK("#"&"Insumos"&"!A"&MATCH($B107,[7]Insumos!$A:$A,0),"Ins "&$B107) -> Ins I614
A108: 003.103 | B108: I641 | C108: =VLOOKUP($B108,[7]Insumos!A:E,2,FALSE) -> SIFON PVC SANITARIO 2" | D108: =VLOOKUP($B108,[7]Insumos!A:E,3,FALSE) -> Insumos | E108: =VLOOKUP($B108,[7]Insumos!A:E,4,FALSE) -> M | F108: 1 | G108: =+VLOOKUP(B108,[7]Insumos!$A$4:$F$5224,5,FALSE) -> 6503 | H108: =+ROUND(F108*G108,0) -> 6503 | J108: =HYPERLINK("#"&"Insumos"&"!A"&MATCH($B108,[7]Insumos!$A:$A,0),"Ins "&$B108) -> Ins I641
A109: 003.103 | B109: I647 | C109: =VLOOKUP($B109,[7]Insumos!A:E,2,FALSE) -> SOLDADURA PVC LIQUIDA 1/4 | D109: =VLOOKUP($B109,[7]Insumos!A:E,3,FALSE) -> Insumos | E109: =VLOOKUP($B109,[7]Insumos!A:E,4,FALSE) -> UND | F109: 0.05 | G109: =+VLOOKUP(B109,[7]Insumos!$A$4:$F$5224,5,FALSE) -> 129335 | H109: =+ROUND(F109*G109,0) -> 6467 | J109: =HYPERLINK("#"&"Insumos"&"!A"&MATCH($B109,[7]Insumos!$A:$A,0),"Ins "&$B109) -> Ins I647
A110: 003.103 | B110: I752 | C110: =VLOOKUP($B110,[7]Insumos!A:E,2,FALSE) -> TUBO PVC SANITARIO 2'' | D110: =VLOOKUP($B110,[7]Insumos!A:E,3,FALSE) -> Insumos | E110: =VLOOKUP($B110,[7]Insumos!A:E,4,FALSE) -> M | F110: 1 | G110: =+VLOOKUP(B110,[7]Insumos!$A$4:$F$5224,5,FALSE) -> 8484 | H110: =+ROUND(F110*G110,0) -> 8484 | J110: =HYPERLINK("#"&"Insumos"&"!A"&MATCH($B110,[7]Insumos!$A:$A,0),"Ins "&$B110) -> Ins I752
...

Sheet Analisis AIU
A1: ANALISIS DEL AIU
A3: Valor estimado de la Obra (Costo Directo). | D3: Valor | E3: 608203780
A4: Plazo estimado de ejecución. | D4: Meses | E4: 4
A5: Contratista Persona Natural (SI o NO) | E5: no
A7: CAPITULO | B7: TIPO DE GASTO | C7: UN | D7: CANTIDAD. | E7: DEDICACION | F7: VLOR UNITARIO (mes) | G7: FACTOR PRESTACIONAL O FACTOR AIU (PARA INDIRECTOS) | H7: VALOR TOTAL | I7: SUMA | J7: PORCENTAJE
A8: 1 | B8: GASTOS GENERALES. | J8: =+J9 -> 0.10725129
A9: 1.1 | B9: MANO DE OBRA Y GASTOS DE OFICINA | I9: =SUM(H10:H26) -> 65230640 | J9: =+I9/$E$3 -> 0.10725129
B10: Ingeniero Director | C10: Un | D10: 0 | E10: 0 | F10: 6750000 | G10: =+'Analisis Factor Prestacional'!$D$28 -> 0.6556 | H10: =+D10*E10*$E$4*F10*(1+G10) -> 0 | J10: =+H10/$E$3 -> 0
B11: Ingeniero Residente | C11: Un | D11: 1 | E11: 1 | F11: 4450000 | G11: =+'Analisis Factor Prestacional'!$D$28 -> 0.6556 | H11: =+D11*E11*$E$4*F11*(1+G11) -> 29469680 | J11: =+H11/$E$3 -> 0.048453628
B12: Maestro de Obra | C12: Un | D12: 1 | E12: 1 | F12: 3600000 | G12: =+'Analisis Factor Prestacional'!$D$28 -> 0.6556 | H12: =+D12*E12*$E$4*F12*(1+G12) -> 23840640 | J12: =+H12/$E$3 -> 0.039198441
B13: Residente de Salud Ocupacional | C13: Un | D13: 1 | E13: 0.5 | F13: 3600000 | G13: =+'Analisis Factor Prestacional'!$D$28 -> 0.6556 | H13: =+D13*E13*$E$4*F13*(1+G13) -> 11920320 | J13: =+H13/$E$3 -> 0.019599221
B14: Profesional ambiental | C14: Un | D14: 0 | E14: 0.5 | F14: 3600000 | G14: =+'Analisis Factor Prestacional'!$D$28 -> 0.6556 | H14: =+D14*E14*$E$4*F14*(1+G14) -> 0 | J14: =+H14/$E$3 -> 0
B15: Trabajador social | C15: Un | D15: 0 | E15: 0.5 | F15: 3600000 | G15: =+'Analisis Factor Prestacional'!$D$28 -> 0.6556 | H15: =+D15*E15*$E$4*F15*(1+G15) -> 0 | J15: =+H15/$E$3 -> 0
B16: Almacenista | C16: Un | D16: 0 | E16: 1 | F16: 1550000 | G16: =+'Analisis Factor Prestacional'!$C$28 -> 0.829 | H16: =+D16*E16*$E$4*F16*(1+G16) -> 0 | J16: =+H16/$E$3 -> 0
B17: Secretaria con prestaciones | C17: Un | D17: 0 | E17: 0.2 | F17: 2200000 | G17: =+'Analisis Factor Prestacional'!$E$28 -> 0.8087 | H17: =+D17*E17*$E$4*F17*(1+G17) -> 0 | J17: =+H17/$E$3 -> 0
B18: Contador | C18: Un | D18: 0 | E18: 0.15 | F18: 3600000 | H18: =+D18*E18*$E$4*F18*(1+G18) -> 0 | J18: =+H18/$E$3 -> 0
B19: Oficina y/o campamento (Incluye Equipo de Oficina, Escritorio, pc, impresora, sillas, papeleria, consumo servicios publicos etc) | C19: Mes | D19: 0 | E19: 1 | F19: 400000 | H19: =+D19*E19*$E$4*F19*(1+G19) -> 0 | J19: =+H19/$E$3 -> 0
B20: Seguridad industrial personal | C20: Mes | D20: 0 | E20: 0.5 | F20: 400000 | H20: =+D20*E20*$E$4*F20*(1+G20) -> 0 | J20: =+H20/$E$3 -> 0
B21: Plan de Salud ocupacional y seguridad industrial | C21: Mes | D21: 0 | E21: 1 | F21: 400000 | H21: =+D21*E21*$E$4*F21*(1+G21) -> 0 | J21: =+H21/$E$3 -> 0
B22: Sistema de gestion ambiental | C22: Mes | D22: 0 | E22: 1 | F22: 400000 | H22: =+D22*E22*$E$4*F22*(1+G22) -> 0 | J22: =+H22/$E$3 -> 0
B23: Sistema de gestion de calidad | C23: Mes | D23: 0 | E23: 0 | F23: 600000 | H23: =+D23*E23*$E$4*F23*(1+G23) -> 0 | J23: =+H23/$E$3 -> 0
B24: Costos financiero | C24: Mes | D24: 0 | E24: 1 | F24: 300000 | H24: =+D24*E24*$E$4*F24*(1+G24) -> 0 | J24: =+H24/$E$3 -> 0
B25: Plan de Manejo de tránsito | C25: GL | D25: 0 | F25: 0 | H25: =F25 -> 0 | J25: =+H25/$E$3 -> 0
B26: Ensayos de laboratorio | C26: GL | D26: 0 | F26: 0 | H26: =F26 -> 0 | J26: =+H26/$E$3 -> 0
A27: 2 | B27: GASTOS INDIRECTOS. | J27: =+J28+J30+J41+J37 -> 0.21712857
A28: 2.1 | B28: LEGALIZACION. | I28: =SUM(H29:H29) -> 0 | J28: =+I28/$E$3 -> 0
B29: AIU ITERACION | G29: 1.3844 | H29: =+F29*D29*G29 -> 0 | J29: =+H29/$E$3 -> 0
A30: 2.2 | B30: POLIZAS | I30: =SUM(H31:H35) -> 7395412.3 | J30: =+I30/$E$3 -> 0.012159432
B31: Anticipo | C31: % | D31: 0.0006 | F31: =+$E$3*E31 -> 0 | G31: =+$G$29 -> 1.3844 | H31: =+(((F31*G31*D31)/365)*($E$4*30+120))*1.19 -> 0 | J31: =+H31/$E$3 -> 0
B32: Cumplimiento | C32: % | D32: 0.0006 | F32: =+$E$3 -> 608203780 | G32: =+$G$29 -> 1.3844 | H32: =+(((F32*G32*D32)/365)*($E$4*30+120))*1.19 -> 395300.44 | J32: =+H32/$E$3 -> 0.00064994735
B33: Estabilidad | C33: % | D33: 0.0009 | F33: =+$E$3 -> 608203780 | G33: =+$G$29 -> 1.3844 | H33: =+(((F33*G33*D33)/365)*(1825))*1.19 -> 4508895.6 | J33: =+H33/$E$3 -> 0.007413462
B34: Prestaciones Sociales | C34: % | D34: 0.0005 | F34: =+$E$3 -> 608203780 | G34: =+$G$29 -> 1.3844 | H34: =+(((F34*G34*D34)/365)*($E$4*30+1095))*1.19 -> 1667673.7 | J34: =+H34/$E$3 -> 0.0027419654
B35: Responsabilidad Civil | C35: % | D35: 0.0025 | F35: =+$E$3 -> 608203780 | G35: =+$G$29 -> 1.3844 | H35: =+(((F35*G35*D35)/365)*($E$4*30+0))*1.19 -> 823542.58 | J35: =+H35/$E$3 -> 0.001354057
A37: 2.3 | B37: VALLAS Y SEÑALIZACION | I37: =SUM(H38:H40) -> 300000 | J37: =+I37/$E$3 -> 0.00049325573
B38: Vallas () | C38: GL | D38: 1 | F38: 200000 | H38: =+F38*D38 -> 200000 | J38: =+H38/$E$3 -> 0.00032883715
B39: Señalización de obra (señales verticales, demarcación, cintas, etc) | C39: GL | D39: 1 | F39: 100000 | H39: =+F39*D39 -> 100000 | J39: =+H39/$E$3 -> 0.00016441858
A41: 2.4 | B41: IMPUESTOS Y CONTRIBUCIONES | I41: =SUM(H42:H50) -> 1.24363e+08 | J41: =+I41/$E$3 -> 0.20447588
B42: Impuesto de Timbre | C42: % | D42: 0.005 | F42: =+$E$3 -> 608203780 | G42: =+$G$29 -> 1.3844 | H42: =+F42*D42*G42 -> 4209986.6 | J42: =+H42/$E$3 -> 0.006922
B43: Contribuación Especial | C43: % | D43: 0.05 | F43: =+$E$3 -> 608203780 | G43: =+$G$29 -> 1.3844 | H43: =+F43*D43*G43 -> 42099866 | J43: =+H43/$E$3 -> 0.06922
B44: Estampillas para el bienestar del adulto mayor | C44: % | D44: 0.02 | F44: =+$E$3 -> 608203780 | G44: =+$G$29 -> 1.3844 | H44: =+F44*D44*G44 -> 16839946 | J44: =+H44/$E$3 -> 0.027688
B45: Estampillas Pro - Universidades. | C45: % | D45: 0.02 | F45: =+$E$3 -> 608203780 | G45: =+$G$29 -> 1.3844 | H45: =+F45*D45*G45 -> 16839946 | J45: =+H45/$E$3 -> 0.027688
B46: Estampilla pro cultura | C46: % | D46: 0.02 | F46: =+$E$3 -> 608203780 | G46: =+$G$29 -> 1.3844 | H46: =+F46*D46*G46 -> 16839946 | J46: =+H46/$E$3 -> 0.027688
B47: Estampilla pro justicia familiar | C47: % | D47: 0.02 | F47: =+$E$3 -> 608203780 | G47: =+$G$29 -> 1.3844 | H47: =+F47*D47*G47 -> 16839946 | J47: =+H47/$E$3 -> 0.027688
B48: Gasto bancarios4x1000 y retiros | C48: % | D48: 0.004 | F48: =+$E$3 -> 608203780 | G48: =+$G$29 -> 1.3844 | H48: =+F48*D48*G48 -> 3367989.3 | J48: =+H48/$E$3 -> 0.0055376
B49: Industria y Comercio 3,7 x 1.000 sobre valor total | C49: % | D49: 0.0037 | F49: =+$E$3 -> 608203780 | G49: =+$G$29 -> 1.3844 | H49: =+F49*D49*G49 -> 3115390.1 | J49: =+H49/$E$3 -> 0.00512228
B50: Tasa pro deporte y recreación | C50: % | D50: 0.005 | F50: =+$E$3 -> 608203780 | G50: =+$G$29 -> 1.3844 | H50: =+F50*D50*G50 -> 4209986.6 | J50: =+H50/$E$3 -> 0.006922
B51: TOTAL GASTOS INDIRECTOS DE ADMINISTRACION. | I51: =SUM(I9:I50) -> 1.9728906e+08 | J51: =ROUND(SUM(J8:J50)/3,4) -> 0.3244
B52: UTILIDAD: | J52: 0.06
B53: A.I.U. | J53: =SUM(J51:J52) -> 0.3844
I55: NO MOVER | J55: =1+J53 -> 1.3844
F56: =+F50*J55 -> 8.4199731e+08

Sheet Analisis Factor Prestacional
A1: ANALISIS FACTOR PRESTACIONAL
A3: Datos Basicos año 2024 | B3: Días del año | C3: 360 | E3: IPC 2024
B4: Subsidio Transporte 2024 | C4: 200000 | E4: 0.052
B5: Salario mínimo 2024 | C5: 1423500
C8: Riesgo Alto | E8: Riesgo Bajo
A9: Datos Básicos | B9: Número días trabajados | C9: =C3 -> 360 | D9: =+C3 -> 360 | E9: =+C3 -> 360 | F9: =+C3 -> 360
B10: Salario Básico | C10: 1-2 SMMLV | D10: >2 SMMLV | E10: 1-2 SMMLV | F10: >2 SMMLV
A11: Prestaciones Sociales | B11: Subsidio de Transporte | C11: 0.1053 | D11: 0 | E11: 0.1053 | F11: 0
B12: Cesantías | C12: 0.0833 | D12: 0.0833 | E12: 0.0833 | F12: 0.0833
B13: Intereses cesantías | C13: 0.01 | D13: 0.01 | E13: 0.01 | F13: 0.01
B14: Prima | C14: 0.0833 | D14: 0.0833 | E14: 0.0833 | F14: 0.0833
B15: Vacaciones | C15: 0.0417 | D15: 0.0417 | E15: 0.0417 | F15: 0.0417
B16: Dotaciones | C16: 0.06 | D16: 0.0267 | E16: 0.06 | F16: 0.0267
B17: Servicio Medico Primer Mes | C17: 0.0016 | D17: 0.0016 | E17: 0.0016 | F17: 0.0016
A18: Examenes medicos | B18: Examenes de ingreso y egreso | C18: 0.0339 | D18: 0.0121 | E18: 0.0339 | F18: 0.0121
A19: Certificados para trabajos | B19: Certificado en trabajo de alturas | C19: 0.0203 | D19: 0.0073
A20: Salud. Pension y ARP | B20: Salud | C20: 0.085 | D20: 0.085 | E20: 0.085 | F20: 0.085
B21: Pensión | C21: 0.12 | D21: 0.12 | E21: 0.12 | F21: 0.12
B22: ARL | C22: 0.0696 | D22: 0.0696 | E22: 0.0696 | F22: 0.0696
A23: Parafiscales | B23: SENA | C23: 0.02 | D23: 0.02 | E23: 0.02 | F23: 0.02
B24: ICBF | C24: 0.03 | D24: 0.03 | E24: 0.03 | F24: 0.03
B25: FIC | C25: 0.025 | D25: 0.025 | E25: 0.025 | F25: 0.025
B26: Caja de compensacion | C26: 0.04 | D26: 0.04 | E26: 0.04 | F26: 0.04
A28: TOTAL | C28: =SUM(C11:C27) -> 0.829 | D28: =SUM(D11:D27) -> 0.6556 | E28: =SUM(E11:E27) -> 0.8087 | F28: =SUM(F11:F27) -> 0.6483
A31: ANALISIS INGRESO BASE DE COTIIZACION - IBC (Solo aplica para contratistas personas naturales)
A33: Descripcion | C33: Valor
A34: Costo directo del contrato | C34: =#REF! -> #REF!
A35: AIU en porcentaje | C35: ='Analisis AIU'!J53 -> 0.3844
A36: AIU en pesos | C36: =+C35*C34 -> #REF!
A37: Costo total del contrato antes de iva | C37: =C36+C34 -> #REF!
A38: Plazo (meses) | C38: 4
A39: Valor del salario minimo | C39: =+$C$5 -> 1423500
A40: Valor del IBC según el Decreto 510 de 2003 (smmlv<=IBC<=25 smmlv) | C40: =25*C39 -> 35587500
A41: IBC | C41: =ROUND(IF((C37*40%/C38)<C40,(C37*40%/C38),C40),) -> #REF!
A42: =+B20 -> Salud | B42: 0.125 | C42: =ROUND($C$41*B42,0) -> #REF!
A43: =+B21 -> Pensión | B43: 0.16 | C43: =ROUND($C$41*B43,0) -> #REF!
A44: =+B22 -> ARL | B44: 0.0696 | C44: =ROUND($C$41*B44,0) -> #REF!
A45: Valor total de aportes mensual | C45: =C42+C43+C44 -> #REF!
A46: Valor total de aporte durante el contrato | C46: =C45*C38 -> #REF!
A48: Nota: La ARL la debe pagar la entidad contratante al contratista de acuerdo a lo estipulado en la ley 723 de 2013 y el art 2 de la ley 1562 de 2012.
